Workbook

Sheet 01. Memória de cálculo
A7: SECRETARIA MUNICIPAL DA INFRAESTRUTURA DO MUNICÍPIO DE SÃO CRISTÓVÃO-SE
A9: MEMÓRIA DE CÁLCULO - ANTIGA CASA DE CÂMARA E CADEIA DE SÃO CRISTÓVÃO
A11: Objeto: | B11: Restauração dos prédios da Câmara e Cadeia, localizada em São Cristóvão/SE. - revisão 06
A13: RESPONSÁVEL TÉCNICO:
A15: Eng.ª Civil Verônica Nascimento CREA-SE: Nº270847513-4
A17: Bancos de Dados: | D17: Encargos Sociais (NÃO DESONERADO) | E17: B.D.I
A18: SINAPI - 12/2024 - Sergipe | D18: Horista: 112,54% | E18: 0.2354
A19: ORSE - 12/2024 - Sergipe | D19: Mensalista: 70,11% | E19: 0.1402
G20: MEMÓRIA DE CÁLCULO
A21: Item | B21: Código | C21: Banco | D21: Descrição | E21: Und | F21: Quant. | G21: CÁLCULO | H21: REVISÃO/OBSERVAÇÕES
A22: 1 | D22: ADMINISTRAÇÃO DA OBRA | F22: 1
A23: 1.1 | D23: ADMINISTRAÇÃO LOCAL | F23: 1
A24: 1.1.1 | D24: Equipe Dirigente | F24: 1
A25: 1.1.1.1 | B25: 93568 | C25: SINAPI | D25: ENGENHEIRO CIVIL DE OBRA SENIOR COM ENCARGOS COMPLEMENTARES | E25: MES | F25: 0.8 | G25: Referente à permanência do profissional na obra
A26: 1.1.1.2 | B26: 93565 | C26: SINAPI | D26: ENGENHEIRO CIVIL DE OBRA JUNIOR COM ENCARGOS COMPLEMENTARES | E26: MES | F26: 3.2 | G26: Referente à permanência do profissional na obra
A27: 1.1.1.3 | B27: 100534 | C27: SINAPI | D27: TECNICO DE EDIFICACOES COM ENCARGOS COMPLEMENTARES | E27: MES | F27: 4 | G27: Referente à permanência do profissional na obra
A28: 1.1.1.4 | B28: 93572 | C28: SINAPI | D28: ENCARREGADO GERAL DE OBRAS COM ENCARGOS COMPLEMENTARES | E28: MES | F28: 8 | G28: Referente à permanência do profissional na obra
A29: 1.1.1.5 | B29: 93566 | C29: SINAPI | D29: AUXILIAR DE ESCRITORIO COM ENCARGOS COMPLEMENTARES | E29: MES | F29: 8 | G29: Referente à permanência do profissional na obra
A30: 1.1.1.6 | B30: 100289 | C30: SINAPI | D30: VIGIA DIURNO COM ENCARGOS COMPLEMENTARES | E30: H | F30: 3520 | G30: Referente à permanência do profissional na obra. Calculado para 01 diurno e 01 noturno
A31: 1.1.2 | D31: Manutenção do Canteiro | F31: 1
A32: 1.1.2.1 | B32: 1503 | C32: ORSE | D32: Extintor de água pressurizada capacidade 10 litros, instalado | E32: un | F32: 3 | G32: 03 unidades
A33: 1.1.2.2 | B33: 14 | C33: PMSC | D33: ART CREA (VALOR CREA/SE) | E33: un | F33: 1 | G33: Valor de 01 ART de execução de obra no CREA/SE
A34: 1.1.3 | D34: Equipamento de Apoio a Produção | F34: 1
A35: 1.1.3.1 | B35: 97063 | C35: SINAPI | D35: MONTAGEM E DESMONTAGEM DE ANDAIME MODULAR FACHADEIRO, COM PISO METÁLICO, PARA EDIFÍCIOS COM MULTIPLOS PAVIMENTOS (EXCLUSIVE ANDAIME E LIMPEZA). AF_03/2024 | E35: m² | F35: 315.85 | G35: Altura do ponto mais alto x soma das laterais que possuem calçada=(9,42) x (21,01+12,52)=315,85m2
A36: 1.1.3.2 | B36: 00020193 | C36: SINAPI | D36: LOCACAO DE ANDAIME METALICO TIPO FACHADEIRO, PECAS COM APROXIMADAMENTE 1,20 M DE LARGURA E 2,0 M DE ALTURA, INCLUINDO DIAGONAIS EM X, BARRAS DE LIGACAO, SAPATAS E DEMAIS ITENS NECESSARIOS A MONTAGEM (NAO INCLUI INSTALACAO) | E36: M2/MES | F36: 2526.82 | G36: Altura do ponto mais alto x soma das laterais que possuem calçada x número de meses alugados= (9,42) x (21,01+12,52) x 8= 2.526,82m2
A37: 2 | D37: PREDIO ANTIGO | F37: 1
A38: 2.1 | D38: REFORMA DA ANTIGA CASA DE CAMARA E CADEIA DE SÃO CRISTÓVÃO | F38: 1
A39: 2.1.1 | D39: SERVIÇOS PRELIMINARES | F39: 1
A40: 2.1.1.1 | D40: Mobilização de pessoal e Equipamentos | F40: 1
A41: 2.1.1.1.1 | B41: 88241 | C41: SINAPI | D41: AJUDANTE DE OPERAÇÃO EM GERAL COM ENCARGOS COMPLEMENTARES | E41: H | F41: 150 | G41: Referente à permanência do profissional na obra
A42: 2.1.1.1.2 | B42: 88240 | C42: SINAPI | D42: AJUDANTE DE ESTRUTURA METÁLICA COM ENCARGOS COMPLEMENTARES | E42: H | F42: 190 | G42: Referente à permanência do profissional na obra
A43: 2.1.1.1.3 | B43: 88316 | C43: SINAPI | D43: SERVENTE COM ENCARGOS COMPLEMENTARES | E43: H | F43: 190 | G43: Referente à permanência do profissional na obra
A44: 2.1.1.1.4 | B44: 88278 | C44: SINAPI | D44: MONTADOR DE ESTRUTURA METÁLICA COM ENCARGOS COMPLEMENTARES | E44: H | F44: 170 | G44: Referente à permanência do profissional na obra
A45: 2.1.1.1.5 | B45: 8748 | C45: ORSE | D45: Restauro - Mapeamento de danos após a remoção de repintura | E45: m² | F45: 276 | G45: Referente à permanência do profissional na obra
A46: 2.1.1.1.6 | B46: 11867 | C46: ORSE | D46: Arqueólogo Pleno (Nível Superior) | E46: mes | F46: 1.33 | G46: Referente à permanência do profissional na obra
A47: 2.1.1.2 | D47: Instalação do Canteiro e Limpeza Inicial | F47: 1
A48: 2.1.1.2.1 | B48: 6096 | C48: ORSE | D48: Ligação Predial de Água em Mureta de Concreto, Provisória ou Definitiva, com Fornecimento de Material, inclusive Mureta e Hidrômetro, Rede DN 50mm - Rev 03_10/2022 | E48: cj | F48: 1 | G48: 01 unidade conforme necessidade do canteiro de obras
A49: 2.1.1.2.2 | B49: 9416 | C49: ORSE | D49: Instalação provisória de energia elétrica, aerea, trifasica, em poste galvanizado, exclusive fornecimento do medidor | E49: un | F49: 1 | G49: 01 unidade conforme necessidade do canteiro de obras
A50: 2.1.1.2.3 | B50: 56 | C50: ORSE | D50: Barracão para escritório de obra porte pequeno s=25,41m2 com materiais novos | E50: un | F50: 1 | G50: 01 unidade conforme necessidade do canteiro de obras
A51: 2.1.1.2.4 | B51: 62 | C51: ORSE | D51: Barracão fechado porte pequeno para depósito de cimento e almoxarifado (s=38,72 m2) com materiais novos | E51: un | F51: 1 | G51: 01 unidade conforme necessidade do canteiro de obras
A52: 2.1.1.2.5 | B52: 10184 | C52: ORSE | D52: Barracão para banheiro e vestiário de obra, s=35,10m², capacidade 20 operários com materiais novos | E52: un | F52: 1 | G52: 01 unidade conforme necessidade do canteiro de obras
A53: 2.1.1.2.6 | B53: 61 | C53: ORSE | D53: Barracão aberto para refeitório de obra (capacidade 24 refeições simultâneas)-s=61,60m2 com materiais novos | E53: un | F53: 1 | G53: 01 unidade conforme necessidade do canteiro de obras
A54: 2.1.1.2.7 | B54: 208 | C54: ORSE | D54: Imunização de madeiramento de cobertura com imunizante incolor tipo Penetrol ou similar | E54: m² | F54: 292.52 | G54: Área de projeção horizontal do telhado x fator inclinação (VER PROJETO DE REFORMA)= 275,28 x fator inclinação 34,65%=275,28 x 1,059=291,52m2
A55: 2.1.1.2.8 | B55: 3 | C55: ORSE | D55: Limpeza manual de terreno com vegetação rasteira, incluindo roçagem e queima | E55: m² | F55: 160.32 | G55: Limpeza da área externa da edificação (PLANTAS DE LEVANTAMENTO CADASTRAL)= passeio interno+calçada+terra (sem piso)=34,69+58,44+67,19=160,32m2
A56: 2.1.1.2.9 | B56: 802 | C56: ORSE | D56: Bebedouro elétrico de pressão 40 litros inox, 110v, Masterfrio ou similar | E56: un | F56: 1 | G56: 01 unidade conforme necessidade do canteiro de obras
A57: 2.1.1.2.10 | B57: 2450 | C57: ORSE | D57: Limpeza geral(Limpeza interna) | E57: m² | F57: 386 | G57: Limpeza das áreas internas de piso da edificação (PLANTAS DE LEVANTAMENTO CADASTRAL): SALA01+SALA02+SALA03+SALA04+SALA05+SANIT.01+SANIT.02+SANIT.03+HALL ESC. 01+CIRC01+CIRC02+SALA06+SALA07+SALA08+SALA09+SALA10+HALL ESC.02= 28,13+19,66+33,37+36,64+10,84+3,84+3,81+2,77+16,13+3,54+5,93+22,4+24,93+42,37+31,34+74,087+43,51=403,30m2
A58: 2.1.1.3 | D58: Higienização Geral e Análise | F58: 1
A59: 2.1.1.3.1 | B59: 88316 | C59: SINAPI | D59: SERVENTE COM ENCARGOS COMPLEMENTARES | E59: H | F59: 200 | G59: Referente à permanência do profissional na obra
A60: 2.1.1.3.2 | B60: 88243 | C60: SINAPI | D60: AJUDANTE ESPECIALIZADO COM ENCARGOS COMPLEMENTARES | E60: H | F60: 186.5 | G60: Referente à permanência do profissional na obra
A61: 2.1.1.3.3 | B61: 3978 | C61: ORSE | D61: Mão de obra de restaurador | E61: h | F61: 200 | G61: Referente à permanência do profissional na obra
A62: 2.1.1.4 | D62: Tapumes | F62: 1
A63: 2.1.1.4.1 | B63: 98458 | C63: SINAPI | D63: TAPUME COM COMPENSADO DE MADEIRA. AF_03/2024 | E63: m² | F63: 75.97 | G63: Soma das laterais que possuem calçada+0,50 de cada lateral para o fechamento do afastamento do tapume para cada fachada que possui calçada x altura do tapume = (21,01+0,5+12,52+0,5) x 2,2=75,97m²
A64: 2.1.1.5 | D64: Placa da Obra | F64: 1
A65: 2.1.1.5.1 | B65: 103689 | C65: SINAPI | D65: FORNECIMENTO E INSTALAÇÃO DE PLACA DE OBRA COM CHAPA GALVANIZADA E ESTRUTURA DE MADEIRA. AF_03/2022_PS | E65: m² | F65: 12 | G65: 2 Placas de obra nas dimensões de 3,00 x 2,0m
A66: 2.1.1.5.2 | B66: 2403 | C66: ORSE | D66: Aplicação de herbicida esterilizante de soloArgila expandida para ornamentação de vasos e jardins | E66: m² | F66: 124.82 | G66: Área do terreno - área construída pavimento térreo=423,31-298,49=124,82m2
A67: 2.1.1.5.3 | B67: 97062 | C67: SINAPI | D67: COLOCAÇÃO DE TELA EM ANDAIME FACHADEIRO. AF_03/2024 | E67: m² | F67: 315.85 | G67: Altura do ponto mais alto x soma das laterais que possuem calçada=(9,42) x (21,01+12,52)=315,85m2
A68: 2.2 | D68: DEMOLIÇÕES E REMOÇÕES | F68: 1
A69: 2.2.1 | B69: 9602 | C69: ORSE | D69: Remoção de pia | E69: m² | F69: 0.67 | G69: Remoção da pia da SALA 05 COZINHA (VER LEVANTAMENTO CADASTRAL)=0,673m2
A70: 2.2.2 | B70: 3262 | C70: ORSE | D70: Remoção de lavatório | E70: un | F70: 3 | G70: 03 unidades (SANIT. 01+SANIT 02 MASC.+SANIT 03 FEM - VER LEVANTAMENTO CADASTRAL)
A71: 2.2.3 | B71: 2095 | C71: ORSE | D71: Remoção de vaso sanitário | E71: un | F71: 3 | G71: 03 unidades (SANIT. 01+SANIT 02 MASC.+SANIT 03 FEM - VER LEVANTAMENTO CADASTRAL)
A72: 2.2.4 | B72: 31 | C72: ORSE | D72: Remoção de esquadria de madeira, com ou sem batente | E72: m² | F72: 7.77 | G72: Esquadrias removidas = PA2a +PA2b+PA2c+PA4a+PA4b=0,7x2,1x3+0,8x2,1x2=7,77m²
A73: 2.2.5 | B73: 12631 | C73: ORSE | D73: Retirada de divisória tipo naval | E73: m² | F73: 40.53 | G73: Divisórias das salas: sala 02+sala 03+sala 06=3,8x3,57+(0,49+4,04)x3,48+5,65x2,28-0,8x2,1=40,53m2
A74: 2.2.6 | B74: 18 | C74: ORSE | D74: Demolição de piso cerâmico ou ladrilho | E74: m² | F74: 56.8 | G74: Demolição dos revestimentos cerâmicos de piso e parede dos ambientes: SANIT. 01+SANIT 02 MASC.+SANIT 03 FEM=(VER LEVANTAMENTO CADASTRAL)
A75: 2.2.7 | B75: 6 | C75: ORSE | D75: Demolição de alvenaria de bloco cerâmico e=0,09m - revestida | E75: m³ | F75: 2.33 | G75: Demolição das paredes dos ambientes: SANIT. 01+SANIT 02 MASC.+SANIT 03 FEM=((4,94+3,49+3,55+1,11+0,5)x2,37-0,7x2,1x2-0,8x2,1x2)x0,09=2,33m3 (VER PLANTA DE REFORMA)
A76: 2.2.8 | B76: 26 | C76: ORSE | D76: Coleta e carga manuais de entulho | E76: m³ | F76: 42.37 | G76: Quantitativos obtidos através da TABELA II - total de resíduos gerados - do Projeto de gerenciamento dos resíduos sólidos:17,3+7,5+4,3+1,76+4,5+3+1,28+0,73+1,9+0,1=42,37m3
A77: 2.3 | D77: ELEVAÇÕES | F77: 1
A78: 2.3.1 | D78: Alvenaria de Pedra (Recomposição de Alvenaria de Pedra) | F78: 1
A79: 2.3.1.1 | B79: 7895 | C79: ORSE | D79: Restauro - Injeção de resina epoxi em alvenarias de pedra c/ espessura entre 0,50 a 1,00m (30%) | E79: m | F79: 50.51 | G79: Comprimento das alvenarias de pedra do pavimento térreo (PLANTAS DE LEVANTAMENTO CADASTRAL) x 3 fiadas x 20%( índice obtido através do anexo I (pág. 34) do VOLUME II - DIAGNÓSTICO DO PROJETO EXECUTIVO DE RESTAURAÇÃO DA ANTIGA CASA DE CÂMARA E CADEIA EM SÃO CRISTÓVÃO/SE)=(99,08+94,79+153,52+149,63+17,08+24,78+15,61)+0,4=50,51m2
A80: 2.3.1.2 | B80: 4237 | C80: ORSE | D80: Restauro - Restauração de revestimento (Reboco) em fachadas de obras do Patrimônio Histórico - Rev. 02 02/2022 (50%) | E80: m² | F80: 221.8 | G80: Àrea do reboco externo (PLANTAS DE LEVANTAMENTO CADASTRAL) x 40%( índice obtido através do anexo I (pág. 18) do VOLUME II - DIAGNÓSTICO DO PROJETO EXECUTIVO DE RESTAURAÇÃO DO SOBRADO DO BALCÃO CORRIDO EM SÃO CRISTÓVÃO/SE)=(FACHADA NORTE+FACHADA SUL+FACHADA LESTE+MUROS EXTERNOS)=(99,08+94,79+153,52+149,63+17,08+24,78+15,61)x0,4=221,80m2
A81: 2.3.1.3 | B81: PMSC- 020 | C81: Próprio | D81: Restauro - Restauração de revestimento (Reboco) ( 50% ) | E81: m² | F81: 378.21 | G81: Àrea do reboco interno (PLANTAS DE LEVANTAMENTO CADASTRAL) x 40%( índice obtido através do anexo I (pág. 34) do VOLUME II - DIAGNÓSTICO DO PROJETO EXECUTIVO DE RESTAURAÇÃO DA ANTIGA CASA DE CÂMARA E CADEIA EM SÃO CRISTÓVÃO/SE)=SALA01+SALA02+SALA03+SALA04+SALA05+HALL ESC. 01+CIRC01+CIRC02+SALA06+SALA07+SALA08+SALA09+SALA10+HALL ESC.02=(71,32+34,91+83,07+90,18+50,9+56,19+29,07+32,98+68,7+74,78+95,63+77,84+94,93+85,02)x0,4=378,21m2
A82: 2.4 | D82: LEVANTAMENTO DE ALVENARIA NOVA DENTRO DA CASA DE CAMARA E CADEIA | F82: 1
A83: 2.4.1 | D83: ALVENARIA DE GESSO | F83: 1
A84: 2.4.1.1 | B84: 96360 | C84: SINAPI | D84: PAREDE COM SISTEMA EM CHAPAS DE GESSO PARA DRYWALL, USO INTERNO, COM DUAS FACES SIMPLES E ESTRUTURA METÁLICA COM GUIAS DUPLAS, SEM VÃOS. AF_07/2023_PS | E84: m² | F84: 57.77 | G84: (3,8+5,65+4,28)x3,74-0,9x2,2=49,37m2 (VER PLANTA DE REFORMA)
A85: 2.4.2 | D85: ALVENARIA DE BLOCO CERAMICO | F85: 1
A86: 2.4.2.1 | B86: 153 | C86: ORSE | D86: Alvenaria bloco cerâmico vedação, 9x19x24cm, e=19cm, com argamassa t5 - 1:2:8(cimento/cal/areia), junta=1cm - Rev.08 | E86: m² | F86: 6.91 | G86: 0,7x2,1+5,18x1,05=6,91 (VER PROJETO DE REFORMA)
A87: 2.4.2.2 | B87: 8394 | C87: ORSE | D87: Aplicação de Tela Fix largura 15cm, em encontros de Alvenarias com Vigas | E87: m | F87: 24.36 | G87: (0,7+2,1x2+1,05x2+5,18)/0,5=24,36m
A88: 2.4.2.3 | B88: 3310 | C88: ORSE | D88: Chapisco em parede com argamassa traço t1 - 1:3 (cimento / areia) - Revisado 08/2015 | E88: m² | F88: 13.82 | G88: 2x(0,7x2,1+5,18x1,05)=6,91 (VER PROJETO DE REFORMA)
A89: 2.4.2.4 | B89: 12354 | C89: ORSE | D89: Reboco interno de parede, espessura 0,5cm, com argamassa 1:2 cal e areia | E89: m² | F89: 13.82 | G89: 2x(0,7x2,1+5,18x1,05)=6,91 (VER PROJETO DE REFORMA)
A90: 2.5 | D90: PISOS | F90: 1
A91: 2.5.1 | D91: Restauração de Pisos | F91: 1
A92: 2.5.1.1 | B92: 4516 | C92: ORSE | D92: Restauro - Remoção de revestimento deteriorado (TIJOLEIRA 60%) | E92: m² | F92: 50.54 | G92: Áreas dos ambientes x 40%='=(28,13+19,66+10,84+16,13+3,54+5,93)x0,60= 50,54m2 (VER PLANTAS DE LEVANTAMENTO CADASTRAL. Índice obtido através do anexo I (pág. 34) do VOLUME II - DIAGNÓSTICO DO PROJETO EXECUTIVO DE RESTAURAÇÃO DA ANTIGA CASA DE CÂMARA E CADEIA EM SÃO CRISTÓVÃO/SE)
A93: 2.5.1.2 | B93: 4516 | C93: ORSE | D93: Restauro - Remoção de revestimento deteriorado (PEDRA 40 %) | E93: m² | F93: 28 | G93: Áreas dos ambientes x 40%= SALA03+SALA04=(33,37+36,64)x0,40= 28m2 (VER PLANTAS DE LEVANTAMENTO CADASTRAL. Índice obtido através do anexo I (pág. 34) do VOLUME II - DIAGNÓSTICO DO PROJETO EXECUTIVO DE RESTAURAÇÃO DA ANTIGA CASA DE CÂMARA E CADEIA EM SÃO CRISTÓVÃO/SE)
A94: 2.5.1.3 | B94: PMSC- 039 | C94: Próprio | D94: Restauro - Remoção de revestimento deteriorado de pedra calcárea ( 40% ) | E94: m² | F94: 23.38 | G94: Área de calçada x 40%=58,44x0,50=29,22m2 (VER PLANTAS DE LEVANTAMENTO CADASTRAL. Índice obtido através do anexo I (pág. 34) do VOLUME II - DIAGNÓSTICO DO PROJETO EXECUTIVO DE RESTAURAÇÃO DA ANTIGA CASA DE CÂMARA E CADEIA EM SÃO CRISTÓVÃO/SE)
A95: 2.5.1.4 | B95: 2342 | C95: ORSE | D95: Raspagem, calafategem, aplicação de selador e polimento com cera (assoalho) | E95: m² | F95: 211.63 | G95: Área dos ambientes com piso em madeira =SALA06+SALA07+SALA08+SALA09+SALA10+HALL ESC. 2=22,4+24,93+42,37+31,34+47,08+43,51=211,63m2 (VER PLANTAS DE LEVANTAMENTO CADASTRAL. Índice obtido através do anexo I (pág. 34) do VOLUME II - DIAGNÓSTICO DO PROJETO EXECUTIVO DE RESTAURAÇÃO DA ANTIGA CASA DE CÂMARA E CADEIA EM SÃO CRISTÓVÃO/SE)
A96: 2.5.1.5 | B96: 3786 | C96: ORSE | D96: Restauração e/ou recuperação de assoalho madeira lei, réguas macho e fêmea, l= 20 a 30cm x 2cm, sobre ripão 3,5cm x 5,5cm, inclusive enchimento e raspagem | E96: m² | F96: 63.49 | G96: Área dos ambientes com piso em madeira x 30% =SALA06+SALA07+SALA08+SALA09+SALA10+HALL ESC. 2=(22,4+24,93+42,37+31,34+47,08+43,51)= 63,49m2 (VER PLANTAS DE LEVANTAMENTO CADASTRAL. Índice obtido através do anexo I (pág. 34) do VOLUME II - DIAGNÓSTICO DO PROJETO EXECUTIVO DE RESTAURAÇÃO DA ANTIGA CASA DE CÂMARA E CADEIA EM SÃO CRISTÓVÃO/SE)
A97: 2.6 | D97: COBERTURA | F97: 1
A98: 2.6.1 | D98: Telhamento | F98: 1
A99: 2.6.1.1 | B99: 9 | C99: ORSE | D99: Remoção de telhamento com telhas cerâmicas | E99: m² | F99: 291.52 | G99: Área de projeção horizontal do telhado x fator inclinação (VER PROJETO DE REFORMA)= 275,28 x fator inclinação 34,65%=275,28 x 1,059=291,52m2
A100: 2.6.1.2 | B100: 232 | C100: ORSE | D100: Telhamento com telha cerâmica tipo canal, comum, cor vermelha, Itabaiana ou similar (100%) | E100: m² | F100: 291.52 | G100: Área de projeção horizontal do telhado x fator inclinação (VER PROJETO DE REFORMA)= 275,28 x fator inclinação 34,65%=275,28 x 1,059=291,52m2
A101: 2.6.1.3 | B101: 2297 | C101: ORSE | D101: Pintura para proteção de superfícies com hidrofugante silicone ou similar, 02demãos | E101: m² | F101: 291.52 | G101: Área de projeção horizontal do telhado x fator inclinação (VER PROJETO DE REFORMA)= 275,28 x fator inclinação 34,65%=275,28 x 1,059=291,52m2
A102: 2.6.1.4 | B102: 94219 | C102: SINAPI | D102: CUMEEIRA E ESPIGÃO PARA TELHA CERÂMICA EMBOÇADA COM ARGAMASSA TRAÇO 1:2:9 (CIMENTO, CAL E AREIA), PARA TELHADOS COM MAIS DE 2 ÁGUAS, INCLUSO TRANSPORTE VERTICAL. AF_07/2019 | E102: M | F102: 45 | G102: Referente ao emassamento dos rincões e cumeeira=9,19+8,90+9,12+9,26+8,53
A103: 2.6.1.5 | B103: 248 | C103: ORSE | D103: Emassamento de beiral de telha ceramica | E103: m | F103: 68.63 | G103: Perímetro da projeção horizontal do telhado=68,63m
A104: 2.6.1.6 | B104: 1428 | C104: ORSE | D104: Calha Pluvial de beiral, Ø 132 x 89mm, PVC, retangular, linha Style Aquapluv,Tigre ou similar, exclusive condutores e acessórios | E104: m | F104: 6.19 | G104: Soma do comprimento das calhas=2,86+3,33=6,19m
A105: 2.6.1.7 | B105: 8721 | C105: ORSE | D105: Restauro - Erradicação de vegetação em paredes e ornatos | E105: m² | F105: 68.63 | G105: Perímetro da projeção horizontal do telhado=68,63m
A106: 2.6.2 | D106: Madeiramento | F106: 1
A107: 2.6.2.1 | B107: 4520 | C107: ORSE | D107: Restauro - Imunização de madeiramento de cobertura com aplicação a pincel de K-Otec diluido em aguarrás | E107: m² | F107: 291.52 | G107: Área de projeção horizontal do telhado x fator inclinação (VER PROJETO DE REFORMA)= 275,28 x fator inclinação 34,65%=275,28 x 1,059=291,52m2
A108: 2.6.2.2 | B108: 3787 | C108: ORSE | D108: Perfil e/ou chapa de aço, com furação e parafusos, para emendas de peças de madeira | E108: kg | F108: 10 | G108: Quantitativo estimado
A109: 2.6.2.3 | B109: 9903 | C109: ORSE | D109: Madeiramento em massaranduba/madeira de lei, acabamento serrado, c/ peça 5 x 9 cm e ripa 5 x 1,5cm | E109: m² | F109: 87.46 | G109: Área do telhado x 30%=291,52x0,30=87,46m²
A110: 2.7 | D110: COBERTURA PROVISÓRIA | F110: 1
A111: 2.7.1 | D111: SERVIÇOS PRELIMINARES | F111: 1
...

Sheet 02. Planilha Orçamentária
A7: SECRETARIA MUNICIPAL DA INFRAESTRUTURA DO MUNICÍPIO DE SÃO CRISTÓVÃO-SE
A9: PLANILHA ORÇAMENTÁRIA - ANTIGA CASA DE CÂMARA E CADEIA DE SÃO CRISTÓVÃO
A11: Objeto: | B11: Restauração dos prédios da Câmara e Cadeia, localizada em São Cristóvão/SE. - revisão 06
A13: RESPONSÁVEL TÉCNICO:
A15: Eng.ª Civil Verônica Nascimento CREA-SE: Nº270847513-4
A17: Bancos de Dados: | D17: Encargos Sociais (NÃO DESONERADO) | E17: B.D.I | H17: DATA: 02/05/2025- REVISÃO 06
A18: SINAPI - 12/2024 - Sergipe | D18: Horista: 112,54% | E18: 0.2354
A19: ORSE - 12/2024 - Sergipe | D19: Mensalista: 70,11% | E19: 0.1402
I21: Valor Final do Orçamento | K21: =J25 + J40 + J327 -> 1882253.1
I22: BDI | K22: 0.2354
K23: 0.1402
A24: Item | B24: Código | C24: Banco | D24: Descrição | E24: Und | F24: Quant. | G24: Custo. Unit | I24: Preço Unit. | J24: Preço Total | K24: Peso (%)
A25: 1 | D25: ADMINISTRAÇÃO DA OBRA | F25: 1 | J25: =J26 -> 390269.37 | K25: =J25 / K21 -> 0.2073416 | N25: X
A26: 1.1 | D26: ADMINISTRAÇÃO LOCAL | F26: 1 | J26: =J27+J34+J37 -> 390269.37 | K26: =J26 / K21 -> 0.2073416
A27: 1.1.1 | D27: Equipe Dirigente | F27: 1 | J27: =SUM(J28:J33) -> 298148.59 | K27: =J27 / K21 -> 0.15839984
A28: 1.1.1.1 | B28: 93568 | C28: SINAPI | D28: ENGENHEIRO CIVIL DE OBRA SENIOR COM ENCARGOS COMPLEMENTARES | E28: MES | F28: 0.8 | G28: 26311.95 | I28: =ROUND(G28*($K$22+1),2) -> 32505.78 | J28: =ROUND(I28*F28,2) -> 26004.62 | K28: =J28 / K21 -> 0.013815687
A29: 1.1.1.2 | B29: 93565 | C29: SINAPI | D29: ENGENHEIRO CIVIL DE OBRA JUNIOR COM ENCARGOS COMPLEMENTARES | E29: MES | F29: 3.2 | G29: 21076.28 | I29: =ROUND(G29*($K$22+1),2) -> 26037.64 | J29: =ROUND(I29*F29,2) -> 83320.45 | K29: =J29 / K21 -> 0.044266336
A30: 1.1.1.3 | B30: 100534 | C30: SINAPI | D30: TECNICO DE EDIFICACOES COM ENCARGOS COMPLEMENTARES | E30: MES | F30: 4 | G30: 3117.81 | I30: =ROUND(G30*($K$22+1),2) -> 3851.74 | J30: =ROUND(I30*F30,2) -> 15406.96 | K30: =J30 / K21 -> 0.0081853815
A31: 1.1.1.4 | B31: 93572 | C31: SINAPI | D31: ENCARREGADO GERAL DE OBRAS COM ENCARGOS COMPLEMENTARES | E31: MES | F31: 8 | G31: 5845.52 | I31: =ROUND(G31*($K$22+1),2) -> 7221.56 | J31: =ROUND(I31*F31,2) -> 57772.48 | K31: =J31 / K21 -> 0.030693257
A32: 1.1.1.5 | B32: 93566 | C32: SINAPI | D32: AUXILIAR DE ESCRITORIO COM ENCARGOS COMPLEMENTARES | E32: MES | F32: 8 | G32: 2829.13 | I32: =ROUND(G32*($K$22+1),2) -> 3495.11 | J32: =ROUND(I32*F32,2) -> 27960.88 | K32: =J32 / K21 -> 0.014855005
A33: 1.1.1.6 | B33: 100289 | C33: SINAPI | D33: VIGIA DIURNO COM ENCARGOS COMPLEMENTARES | E33: H | F33: 3520 | G33: 20.16 | I33: =ROUND(G33*($K$22+1),2) -> 24.91 | J33: =ROUND(I33*F33,2) -> 87683.2 | K33: =J33 / K21 -> 0.04658417
A34: 1.1.2 | D34: Manutenção do Canteiro | F34: 1 | J34: =SUM(J35:J36) -> 1126.88 | K34: =J34 / K21 -> 0.00059868674
A35: 1.1.2.1 | B35: 1503 | C35: ORSE | D35: Extintor de água pressurizada capacidade 10 litros, instalado | E35: un | F35: 3 | G35: 216.54 | I35: =ROUND(G35*($K$22+1),2) -> 267.51 | J35: =ROUND(I35*F35,2) -> 802.53 | K35: =J35 / K21 -> 0.00042636667
A36: 1.1.2.2 | B36: 14 | C36: PMSC | D36: ART CREA (Valor do CREA/SE) | E36: un | F36: 1 | G36: 262.55 | I36: =ROUND(G36*($K$22+1),2) -> 324.35 | J36: =ROUND(I36*F36,2) -> 324.35 | K36: =J36 / K21 -> 0.00017232007
A37: 1.1.3 | D37: Equipamento de Apoio a Produção | F37: 1 | J37: =SUM(J38:J39) -> 90993.9 | K37: =J37 / K21 -> 0.048343072
A38: 1.1.3.1 | B38: 97063 | C38: SINAPI | D38: MONTAGEM E DESMONTAGEM DE ANDAIME MODULAR FACHADEIRO, COM PISO METÁLICO, PARA EDIFÍCIOS COM MULTIPLOS PAVIMENTOS (EXCLUSIVE ANDAIME E LIMPEZA). AF_03/2024 | E38: m² | F38: 315.85 | G38: 17.17 | I38: =ROUND(G38*($K$22+1),2) -> 21.21 | J38: =ROUND(I38*F38,2) -> 6699.18 | K38: =J38 / K21 -> 0.0035591281
A39: 1.1.3.2 | B39: 00020193 | C39: SINAPI | D39: LOCACAO DE ANDAIME METALICO TIPO FACHADEIRO, PECAS COM APROXIMADAMENTE 1,20 M DE LARGURA E 2,0 M DE ALTURA, INCLUINDO DIAGONAIS EM X, BARRAS DE LIGACAO, SAPATAS E DEMAIS ITENS NECESSARIOS A MONTAGEM (NAO INCLUI INSTALACAO) | E39: M2/MES | F39: 2526.82 | G39: 27 | I39: =ROUND(G39*($K$22+1),2) -> 33.36 | J39: =ROUND(I39*F39,2) -> 84294.72 | K39: =J39 / K21 -> 0.044783944
A40: 2 | D40: PREDIO ANTIGO | F40: 1 | J40: =J41+J71+J80+J85+J93+J100+J113+J160+J165+J181+J188+J197+J258+J302+J310+J313 -> 1194975.6 | K40: =J40 / K21 -> 0.63486445 | N40: X
A41: 2.1 | D41: REFORMA DA ANTIGA CASA DE CAMARA E CADEIA DE SÃO CRISTÓVÃO | F41: 1 | J41: =J42 -> 184868.87 | K41: =J41 / K21 -> 0.098216795
A42: 2.1.1 | D42: SERVIÇOS PRELIMINARES | F42: 1 | J42: =J43+J50+J61+J65+J67 -> 184868.87 | K42: =J42 / K21 -> 0.098216795
A43: 2.1.1.1 | D43: Mobilização de pessoal e Equipamentos | F43: 1 | J43: =SUM(J44:J49) -> 47030.34 | K43: =J43 / K21 -> 0.024986193
A44: 2.1.1.1.1 | B44: 88241 | C44: SINAPI | D44: AJUDANTE DE OPERAÇÃO EM GERAL COM ENCARGOS COMPLEMENTARES | E44: H | F44: 150 | G44: 20.65 | I44: =ROUND(G44*($K$22+1),2) -> 25.51 | J44: =ROUND(I44*F44,2) -> 3826.5 | K44: =J44 / K21 -> 0.0020329359
A45: 2.1.1.1.2 | B45: 88240 | C45: SINAPI | D45: AJUDANTE DE ESTRUTURA METÁLICA COM ENCARGOS COMPLEMENTARES | E45: H | F45: 190 | G45: 19.41 | I45: =ROUND(G45*($K$22+1),2) -> 23.98 | J45: =ROUND(I45*F45,2) -> 4556.2 | K45: =J45 / K21 -> 0.0024206096
A46: 2.1.1.1.3 | B46: 88316 | C46: SINAPI | D46: SERVENTE COM ENCARGOS COMPLEMENTARES | E46: H | F46: 190 | G46: 20.42 | I46: =ROUND(G46*($K$22+1),2) -> 25.23 | J46: =ROUND(I46*F46,2) -> 4793.7 | K46: =J46 / K21 -> 0.0025467882
A47: 2.1.1.1.4 | B47: 88278 | C47: SINAPI | D47: MONTADOR DE ESTRUTURA METÁLICA COM ENCARGOS COMPLEMENTARES | E47: H | F47: 170 | G47: 23.33 | I47: =ROUND(G47*($K$22+1),2) -> 28.82 | J47: =ROUND(I47*F47,2) -> 4899.4 | K47: =J47 / K21 -> 0.0026029443
A48: 2.1.1.1.5 | B48: 8748 | C48: ORSE | D48: Restauro - Mapeamento de danos após a remoção de repintura | E48: m² | F48: 276 | G48: 8.78 | I48: =ROUND(G48*($K$22+1),2) -> 10.85 | J48: =ROUND(I48*F48,2) -> 2994.6 | K48: =J48 / K21 -> 0.0015909656
A49: 2.1.1.1.6 | B49: 11867 | C49: ORSE | D49: Arqueólogo Pleno (Nível Superior) | E49: MES | F49: 1.33 | G49: 15799.54 | I49: =ROUND(G49*($K$22+1),2) -> 19518.75 | J49: =ROUND(I49*F49,2) -> 25959.94 | K49: =J49 / K21 -> 0.013791949
A50: 2.1.1.2 | D50: Instalação do Canteiro e Limpeza Inicial | F50: 1 | J50: =SUM(J51:J60) -> 91610.01 | K50: =J50 / K21 -> 0.048670398
A51: 2.1.1.2.1 | B51: 6096 | C51: ORSE | D51: Ligação Predial de Água em Mureta de Concreto, Provisória ou Definitiva, com Fornecimento de Material, inclusive Mureta e Hidrômetro, Rede DN 50mm - Rev 03_10/2022 | E51: UN | F51: 1 | G51: 555.95 | I51: =ROUND(G51*($K$22+1),2) -> 686.82 | J51: =ROUND(I51*F51,2) -> 686.82 | K51: =J51 / K21 -> 0.00036489247
A52: 2.1.1.2.2 | B52: 9416 | C52: ORSE | D52: Instalação provisória de energia elétrica, aerea, trifasica, em poste galvanizado, exclusive fornecimento do medidor | E52: un | F52: 1 | G52: 1665.53 | I52: =ROUND(G52*($K$22+1),2) -> 2057.6 | J52: =ROUND(I52*F52,2) -> 2057.6 | K52: =J52 / K21 -> 0.001093158
A53: 2.1.1.2.3 | B53: 56 | C53: ORSE | D53: Barracão para escritório de obra porte pequeno s=25,41m2 com materiais novos | E53: un | F53: 1 | G53: 15773.3 | I53: =ROUND(G53*($K$22+1),2) -> 19486.33 | J53: =ROUND(I53*F53,2) -> 19486.33 | K53: =J53 / K21 -> 0.010352662
A54: 2.1.1.2.4 | B54: 62 | C54: ORSE | D54: Barracão fechado porte pequeno para depósito de cimento e almoxarifado (s=38,72 m2) com materiais novos | E54: un | F54: 1 | G54: 12715.61 | I54: =ROUND(G54*($K$22+1),2) -> 15708.86 | J54: =ROUND(I54*F54,2) -> 15708.86 | K54: =J54 / K21 -> 0.0083457744
A55: 2.1.1.2.5 | B55: 10184 | C55: ORSE | D55: Barracão para banheiro e vestiário de obra, s=35,10m², capacidade 20 operários com materiais novos | E55: un | F55: 1 | G55: 18759.89 | I55: =ROUND(G55*($K$22+1),2) -> 23175.97 | J55: =ROUND(I55*F55,2) -> 23175.97 | K55: =J55 / K21 -> 0.012312887
A56: 2.1.1.2.6 | B56: 61 | C56: ORSE | D56: Barracão aberto para refeitório de obra (capacidade 24 refeições simultâneas)-s=61,60m2 com materiais novos | E56: un | F56: 1 | G56: 18025.22 | I56: =ROUND(G56*($K$22+1),2) -> 22268.36 | J56: =ROUND(I56*F56,2) -> 22268.36 | K56: =J56 / K21 -> 0.011830694
A57: 2.1.1.2.7 | B57: 208 | C57: ORSE | D57: Imunização de madeiramento de cobertura com imunizante incolor tipo Penetrol ou similar | E57: m² | F57: 292.52 | G57: 14.53 | I57: =ROUND(G57*($K$22+1),2) -> 17.95 | J57: =ROUND(I57*F57,2) -> 5250.73 | K57: =J57 / K21 -> 0.0027895982
A58: 2.1.1.2.8 | B58: 3 | C58: ORSE | D58: Limpeza manual de terreno com vegetação rasteira, incluindo roçagem e queima | E58: m² | F58: 160.32 | G58: 4.31 | I58: =ROUND(G58*($K$22+1),2) -> 5.32 | J58: =ROUND(I58*F58,2) -> 852.9 | K58: =J58 / K21 -> 0.00045312715
A59: 2.1.1.2.9 | B59: 802 | C59: ORSE | D59: Bebedouro elétrico de pressão 40 litros inox, 110v, Masterfrio ou similar | E59: un | F59: 1 | G59: 815.04 | I59: =ROUND(G59*($K$22+1),2) -> 1006.9 | J59: =ROUND(I59*F59,2) -> 1006.9 | K59: =J59 / K21 -> 0.00053494399
A60: 2.1.1.2.10 | B60: 2450 | C60: ORSE | D60: Limpeza geral(Limpeza interna) | E60: m² | F60: 386 | G60: 2.34 | I60: =ROUND(G60*($K$22+1),2) -> 2.89 | J60: =ROUND(I60*F60,2) -> 1115.54 | K60: =J60 / K21 -> 0.00059266205
A61: 2.1.1.3 | D61: Higienização Geral e Análise | F61: 1 | J61: =SUM(J62:J64) -> 29211.64 | K61: =J61 / K21 -> 0.015519507
A62: 2.1.1.3.1 | B62: 88316 | C62: SINAPI | D62: SERVENTE COM ENCARGOS COMPLEMENTARES | E62: H | F62: 200 | G62: 20.42 | I62: =ROUND(G62*($K$22+1),2) -> 25.23 | J62: =ROUND(I62*F62,2) -> 5046 | K62: =J62 / K21 -> 0.0026808296
A63: 2.1.1.3.2 | B63: 88243 | C63: SINAPI | D63: AJUDANTE ESPECIALIZADO COM ENCARGOS COMPLEMENTARES | E63: H | F63: 186.5 | G63: 20.53 | I63: =ROUND(G63*($K$22+1),2) -> 25.36 | J63: =ROUND(I63*F63,2) -> 4729.64 | K63: =J63 / K21 -> 0.0025127545
A64: 2.1.1.3.3 | B64: 3978 | C64: ORSE | D64: Mão de obra de restaurador | E64: h | F64: 200 | G64: 78.66 | I64: =ROUND(G64*($K$22+1),2) -> 97.18 | J64: =ROUND(I64*F64,2) -> 19436 | K64: =J64 / K21 -> 0.010325922
A65: 2.1.1.4 | D65: Tapumes | F65: 1 | J65: =J66 -> 9233.39 | K65: =J65 / K21 -> 0.0049054985
A66: 2.1.1.4.1 | B66: 98458 | C66: SINAPI | D66: TAPUME COM COMPENSADO DE MADEIRA. AF_03/2024 | E66: m² | F66: 75.97 | G66: 98.38 | I66: =ROUND(G66*($K$22+1),2) -> 121.54 | J66: =ROUND(I66*F66,2) -> 9233.39 | K66: =J66 / K21 -> 0.0049054985
A67: 2.1.1.5 | D67: Placa da Obra | F67: 1 | J67: =SUM(J68:J70) -> 7783.49 | K67: =J67 / K21 -> 0.0041351983
A68: 2.1.1.5.1 | B68: 103689 | C68: SINAPI | D68: FORNECIMENTO E INSTALAÇÃO DE PLACA DE OBRA COM CHAPA GALVANIZADA E ESTRUTURA DE MADEIRA. AF_03/2022_PS | E68: m² | F68: 12 | G68: 333.6 | I68: =ROUND(G68*($K$22+1),2) -> 412.13 | J68: =ROUND(I68*F68,2) -> 4945.56 | K68: =J68 / K21 -> 0.0026274681
A69: 2.1.1.5.2 | B69: 2403 | C69: ORSE | D69: Aplicação de herbicida esterilizante de soloArgila expandida para ornamentação de vasos e jardins | E69: m² | F69: 124.82 | G69: 3.86 | I69: =ROUND(G69*($K$22+1),2) -> 4.77 | J69: =ROUND(I69*F69,2) -> 595.39 | K69: =J69 / K21 -> 0.00031631771
A70: 2.1.1.5.3 | B70: 97062 | C70: SINAPI | D70: COLOCAÇÃO DE TELA EM ANDAIME FACHADEIRO. AF_03/2024 | E70: m² | F70: 315.85 | G70: 5.75 | I70: =ROUND(G70*($K$22+1),2) -> 7.1 | J70: =ROUND(I70*F70,2) -> 2242.54 | K70: =J70 / K21 -> 0.0011914125
A71: 2.2 | D71: DEMOLIÇÕES E REMOÇÕES | F71: 1 | J71: =SUM(J72:J79) -> 3597.83 | K71: =J71 / K21 -> 0.0019114485
A72: 2.2.1 | B72: 9602 | C72: ORSE | D72: Remoção de pia | E72: m² | F72: 0.67 | G72: 20.82 | I72: =ROUND(G72*($K$22+1),2) -> 25.72 | J72: =ROUND(I72*F72,2) -> 17.23 | K72: =J72 / K21 -> 9.1539228e-06
A73: 2.2.2 | B73: 3262 | C73: ORSE | D73: Remoção de lavatório | E73: un | F73: 3 | G73: 12.69 | I73: =ROUND(G73*($K$22+1),2) -> 15.68 | J73: =ROUND(I73*F73,2) -> 47.04 | K73: =J73 / K21 -> 2.4991325e-05
A74: 2.2.3 | B74: 2095 | C74: ORSE | D74: Remoção de vaso sanitário | E74: un | F74: 3 | G74: 12.69 | I74: =ROUND(G74*($K$22+1),2) -> 15.68 | J74: =ROUND(I74*F74,2) -> 47.04 | K74: =J74 / K21 -> 2.4991325e-05
A75: 2.2.4 | B75: 31 | C75: ORSE | D75: Remoção de esquadria de madeira, com ou sem batente | E75: m² | F75: 7.77 | G75: 15.74 | I75: =ROUND(G75*($K$22+1),2) -> 19.45 | J75: =ROUND(I75*F75,2) -> 151.13 | K75: =J75 / K21 -> 8.029207e-05
A76: 2.2.5 | B76: 12631 | C76: ORSE | D76: Retirada de divisória tipo naval | E76: m² | F76: 40.53 | G76: 27.41 | I76: =ROUND(G76*($K$22+1),2) -> 33.86 | J76: =ROUND(I76*F76,2) -> 1372.35 | K76: =J76 / K21 -> 0.00072909959
A77: 2.2.6 | B77: 18 | C77: ORSE | D77: Demolição de piso cerâmico ou ladrilho | E77: m² | F77: 56.8 | G77: 13.76 | I77: =ROUND(G77*($K$22+1),2) -> 17 | J77: =ROUND(I77*F77,2) -> 965.6 | K77: =J77 / K21 -> 0.0005130022
A78: 2.2.7 | B78: 6 | C78: ORSE | D78: Demolição de alvenaria de bloco cerâmico e=0,09m - revestida | E78: m³ | F78: 2.33 | G78: 29.6 | I78: =ROUND(G78*($K$22+1),2) -> 36.57 | J78: =ROUND(I78*F78,2) -> 85.21 | K78: =J78 / K21 -> 4.5270213e-05
A79: 2.2.8 | B79: 26 | C79: ORSE | D79: Coleta e carga manuais de entulho | E79: m³ | F79: 42.37 | G79: 17.43 | I79: =ROUND(G79*($K$22+1),2) -> 21.53 | J79: =ROUND(I79*F79,2) -> 912.23 | K79: =J79 / K21 -> 0.00048464788
A80: 2.3 | D80: ELEVAÇÕES | F80: 1 | J80: =J81 -> 128133.19 | K80: =J80 / K21 -> 0.068074366
A81: 2.3.1 | D81: Alvenaria de Pedra (Recomposição de Alvenaria de Pedra) | F81: 1 | J81: =SUM(J82:J84) -> 128133.19 | K81: =J81 / K21 -> 0.068074366
A82: 2.3.1.1 | B82: 7895 | C82: ORSE | D82: Restauro - Injeção de resina epoxi em alvenarias de pedra c/ espessura entre 0,50 a 1,00m (30%) | E82: m | F82: 50.51 | G82: 830.68 | I82: =ROUND(G82*($K$22+1),2) -> 1026.22 | J82: =ROUND(I82*F82,2) -> 51834.37 | K82: =J82 / K21 -> 0.027538469
A83: 2.3.1.2 | B83: 4237 | C83: ORSE | D83: Restauro - Restauração de revestimento (Reboco) em fachadas de obras do Patrimônio Histórico - Rev. 02 02/2022 (50%) | E83: m² | F83: 221.8 | G83: 166.83 | I83: =ROUND(G83*($K$22+1),2) -> 206.1 | J83: =ROUND(I83*F83,2) -> 45712.98 | K83: =J83 / K21 -> 0.024286308
A84: 2.3.1.3 | B84: PMSC- 020 | C84: Próprio | D84: Restauro - Restauração de revestimento (Reboco) ( 50% ) | E84: m² | F84: 378.21 | G84: 65.46 | I84: =ROUND(G84*($K$22+1),2) -> 80.87 | J84: =ROUND(I84*F84,2) -> 30585.84 | K84: =J84 / K21 -> 0.016249589
A85: 2.4 | D85: LEVANTAMENTO DE ALVENARIA NOVA DENTRO DA CASA DE CAMARA E CADEIA | F85: 1 | J85: =J86+J88 -> 12243.33 | K85: =J85 / K21 -> 0.0065046139
A86: 2.4.1 | D86: ALVENARIA DE GESSO | F86: 1 | J86: =J87 -> 9873.47 | K86: =J86 / K21 -> 0.0052455591
A87: 2.4.1.1 | B87: 96360 | C87: SINAPI | D87: PAREDE COM SISTEMA EM CHAPAS DE GESSO PARA DRYWALL, USO INTERNO, COM DUAS FACES SIMPLES E ESTRUTURA METÁLICA COM GUIAS DUPLAS, SEM VÃOS. AF_07/2023_PS | E87: m² | F87: 57.77 | G87: 138.34 | I87: =ROUND(G87*($K$22+1),2) -> 170.91 | J87: =ROUND(I87*F87,2) -> 9873.47 | K87: =J87 / K21 -> 0.0052455591
A88: 2.4.2 | D88: ALVENARIA DE BLOCO CERAMICO | F88: 1 | J88: =SUM(J89:J92) -> 2369.86 | K88: =J88 / K21 -> 0.0012590549
A89: 2.4.2.1 | B89: 153 | C89: ORSE | D89: Alvenaria bloco cerâmico vedação, 9x19x24cm, e=19cm, com argamassa t5 - 1:2:8(cimento/cal/areia), junta=1cm - Rev.08 | E89: m² | F89: 6.91 | G89: 103.35 | I89: =ROUND(G89*($K$22+1),2) -> 127.68 | J89: =ROUND(I89*F89,2) -> 882.27 | K89: =J89 / K21 -> 0.00046873079
A90: 2.4.2.2 | B90: 8394 | C90: ORSE | D90: Aplicação de Tela Fix largura 15cm, em encontros de Alvenarias com Vigas | E90: m | F90: 24.36 | G90: 30.25 | I90: =ROUND(G90*($K$22+1),2) -> 37.37 | J90: =ROUND(I90*F90,2) -> 910.33 | K90: =J90 / K21 -> 0.00048363845
A91: 2.4.2.3 | B91: 3310 | C91: ORSE | D91: Chapisco em parede com argamassa traço t1 - 1:3 (cimento / areia) - Revisado 08/2015 | E91: m² | F91: 13.82 | G91: 6.57 | I91: =ROUND(G91*($K$22+1),2) -> 8.12 | J91: =ROUND(I91*F91,2) -> 112.22 | K91: =J91 / K21 -> 5.9620036e-05
A92: 2.4.2.4 | B92: 12354 | C92: ORSE | D92: Reboco interno de parede, espessura 0,5cm, com argamassa 1:2 cal e areia | E92: m² | F92: 13.82 | G92: 27.24 | I92: =ROUND(G92*($K$22+1),2) -> 33.65 | J92: =ROUND(I92*F92,2) -> 465.04 | K92: =J92 / K21 -> 0.0002470656
A93: 2.5 | D93: PISOS | F93: 1 | J93: =J94 -> 36033.14 | K93: =J93 / K21 -> 0.019143621
A94: 2.5.1 | D94: Restauração de Pisos | F94: 1 | J94: =SUM(J95:J99) -> 36033.14 | K94: =J94 / K21 -> 0.019143621
A95: 2.5.1.1 | B95: 4516 | C95: ORSE | D95: Restauro - Remoção de revestimento deteriorado (TIJOLEIRA 60%) | E95: m² | F95: 50.54 | G95: 26.19 | I95: =ROUND(G95*($K$22+1),2) -> 32.36 | J95: =ROUND(I95*F95,2) -> 1635.47 | K95: =J95 / K21 -> 0.00086888951
A96: 2.5.1.2 | B96: 4516 | C96: ORSE | D96: Restauro - Remoção de revestimento deteriorado (PEDRA 40 %) | E96: m² | F96: 28 | G96: 26.19 | I96: =ROUND(G96*($K$22+1),2) -> 32.36 | J96: =ROUND(I96*F96,2) -> 906.08 | K96: =J96 / K21 -> 0.00048138052
A97: 2.5.1.3 | B97: PMSC- 039 | C97: Próprio | D97: Restauro - Remoção de revestimento deteriorado de pedra calcárea ( 40% ) | E97: m² | F97: 23.38 | G97: 60.7 | I97: =ROUND(G97*($K$22+1),2) -> 74.99 | J97: =ROUND(I97*F97,2) -> 1753.27 | K97: =J97 / K21 -> 0.00093147407
A98: 2.5.1.4 | B98: 2342 | C98: ORSE | D98: Raspagem, calafategem, aplicação de selador e polimento com cera (assoalho) | E98: m² | F98: 211.63 | G98: 28.96 | I98: =ROUND(G98*($K$22+1),2) -> 35.78 | J98: =ROUND(I98*F98,2) -> 7572.12 | K98: =J98 / K21 -> 0.004022902
A99: 2.5.1.5 | B99: 3786 | C99: ORSE | D99: Restauração e/ou recuperação de assoalho madeira lei, réguas macho e fêmea, l= 20 a 30cm x 2cm, sobre ripão 3,5cm x 5,5cm, inclusive enchimento e raspagem | E99: m² | F99: 63.49 | G99: 308.1 | I99: =ROUND(G99*($K$22+1),2) -> 380.63 | J99: =ROUND(I99*F99,2) -> 24166.2 | K99: =J99 / K21 -> 0.012838974
A100: 2.6 | D100: COBERTURA | F100: 1 | J100: =J101+J109 -> 61934.71 | K100: =J100 / K21 -> 0.032904559
A101: 2.6.1 | D101: Telhamento | F101: 1 | J101: =J102+J103+J104+J105+J106+J107+J108 -> 34437.92 | K101: =J101 / K21 -> 0.018296115
A102: 2.6.1.1 | B102: 9 | C102: ORSE | D102: Remoção de telhamento com telhas cerâmicas | E102: m² | F102: 291.52 | G102: 11.79 | I102: =ROUND(G102*($K$22+1),2) -> 14.57 | J102: =ROUND(I102*F102,2) -> 4247.45 | K102: =J102 / K21 -> 0.0022565775
A103: 2.6.1.2 | B103: 232 | C103: ORSE | D103: Telhamento com telha cerâmica tipo canal, comum, cor vermelha, Itabaiana ou similar (100%) | E103: m² | F103: 291.52 | G103: 49.68 | I103: =ROUND(G103*($K$22+1),2) -> 61.37 | J103: =ROUND(I103*F103,2) -> 17890.58 | K103: =J103 / K21 -> 0.0095048746
A104: 2.6.1.3 | B104: 2297 | C104: ORSE | D104: Pintura para proteção de superfícies com hidrofugante silicone ou similar, 02demãos | E104: m² | F104: 291.52 | G104: 25.29 | I104: =ROUND(G104*($K$22+1),2) -> 31.24 | J104: =ROUND(I104*F104,2) -> 9107.08 | K104: =J104 / K21 -> 0.0048383928
A105: 2.6.1.4 | B105: 94219 | C105: SINAPI | D105: CUMEEIRA E ESPIGÃO PARA TELHA CERÂMICA EMBOÇADA COM ARGAMASSA TRAÇO 1:2:9 (CIMENTO, CAL E AREIA), PARA TELHADOS COM MAIS DE 2 ÁGUAS, INCLUSO TRANSPORTE VERTICAL. AF_07/2019 | E105: M | F105: 45 | G105: 28.88 | I105: =ROUND(G105*($K$22+1),2) -> 35.68 | J105: =ROUND(I105*F105,2) -> 1605.6 | K105: =J105 / K21 -> 0.00085302023
A106: 2.6.1.5 | B106: 248 | C106: ORSE | D106: Emassamento de beiral de telha ceramica | E106: m | F106: 68.63 | G106: 7.71 | I106: =ROUND(G106*($K$22+1),2) -> 9.52 | J106: =ROUND(I106*F106,2) -> 653.36 | K106: =J106 / K21 -> 0.0003471159
A107: 2.6.1.6 | B107: 1428 | C107: ORSE | D107: Calha Pluvial de beiral, Ø 132 x 89mm, PVC, retangular, linha Style Aquapluv,Tigre ou similar, exclusive condutores e acessórios | E107: m | F107: 6.19 | G107: 82.45 | I107: =ROUND(G107*($K$22+1),2) -> 101.86 | J107: =ROUND(I107*F107,2) -> 630.51 | K107: =J107 / K21 -> 0.0003349762
A108: 2.6.1.7 | B108: 8721 | C108: ORSE | D108: Restauro - Erradicação de vegetação em paredes e ornatos | E108: m² | F108: 68.63 | G108: 3.58 | I108: =ROUND(G108*($K$22+1),2) -> 4.42 | J108: =ROUND(I108*F108,2) -> 303.34 | K108: =J108 / K21 -> 0.00016115792
A109: 2.6.2 | D109: Madeiramento | F109: 1 | J109: =SUM(J110:J112) -> 27496.79 | K109: =J109 / K21 -> 0.014608444
A110: 2.6.2.1 | B110: 4520 | C110: ORSE | D110: Restauro - Imunização de madeiramento de cobertura com aplicação a pincel de K-Otec diluido em aguarrás | E110: m² | F110: 291.52 | G110: 36.68 | I110: =ROUND(G110*($K$22+1),2) -> 45.31 | J110: =ROUND(I110*F110,2) -> 13208.77 | K110: =J110 / K21 -> 0.0070175311
A111: 2.6.2.2 | B111: 3787 | C111: ORSE | D111: Perfil e/ou chapa de aço, com furação e parafusos, para emendas de peças de madeira | E111: kg | F111: 10 | G111: 35.87 | I111: =ROUND(G111*($K$22+1),2) -> 44.31 | J111: =ROUND(I111*F111,2) -> 443.1 | K111: =J111 / K21 -> 0.00023540936
A112: 2.6.2.3 | B112: 9903 | C112: ORSE | D112: Madeiramento em massaranduba/madeira de lei, acabamento serrado, c/ peça 5 x 9 cm e ripa 5 x 1,5cm | E112: m² | F112: 87.46 | G112: 128.14 | I112: =ROUND(G112*($K$22+1),2) -> 158.3 | J112: =ROUND(I112*F112,2) -> 13844.92 | K112: =J112 / K21 -> 0.0073555037
...

Sheet 03. Orçamento Sintético
A7: SECRETARIA MUNICIPAL DA INFRAESTRUTURA DO MUNICÍPIO DE SÃO CRISTÓVÃO-SE
A9: ORÇAMENTO SINTÉTICO - ANTIGA CASA DE CÂMARA E CADEIA DE SÃO CRISTÓVÃO
A11: Objeto: | B11: Restauração dos prédios da Câmara e Cadeia, localizada em São Cristóvão/SE. - revisão 06
A13: RESPONSÁVEL TÉCNICO:
A15: Eng.ª Civil Verônica Nascimento CREA-SE: Nº270847513-4
A17: Bancos de Dados: | D17: Encargos Sociais (NÃO DESONERADO) | E17: B.D.I | H17: DATA: 02/05/2025- REVISÃO 06
A18: SINAPI - 12/2024 - Sergipe | D18: Horista: 112,54% | E18: 0.2354
A19: ORSE - 12/2024 - Sergipe | D19: Mensalista: 70,11% | E19: 0.1402
A21: Item | D21: Descrição | H21: Quant. | I21: Total | J21: Peso (%)
A22: 1 | D22: ADMINISTRAÇÃO DA OBRA | H22: 1 | I22: ='02. Planilha Orçamentária'!J25 -> 390269.37 | J22: 0.17567823 | K22: X
A24: 1.1 | D24: ADMINISTRAÇÃO LOCAL | H24: 1 | I24: ='02. Planilha Orçamentária'!J26 -> 390269.37 | J24: 0.17567823
A26: 2 | D26: PREDIO ANTIGO | H26: 1 | I26: ='02. Planilha Orçamentária'!J40 -> 1194975.6 | J26: 0.65872611 | K26: X
A28: 2.1 | D28: REFORMA DA ANTIGA CASA DE CAMARA E CADEIA DE SÃO CRISTÓVÃO | H28: 1 | I28: ='02. Planilha Orçamentária'!J41 -> 184868.87 | J28: 0.089540521
A30: 2.2 | D30: DEMOLIÇÕES E REMOÇÕES | H30: 1 | I30: ='02. Planilha Orçamentária'!J71 -> 3597.83 | J30: 0.0020270002
A32: 2.3 | D32: ELEVAÇÕES | H32: 1 | I32: ='02. Planilha Orçamentária'!J80 -> 128133.19 | J32: 0.072202948
A34: 2.4 | D34: LEVANTAMENTO DE ALVENARIA NOVA DENTRO DA CASA DE CAMARA E CADEIA | H34: 1 | I34: ='02. Planilha Orçamentária'!J85 -> 12243.33 | J34: 0.0068988592
A36: 2.5 | D36: PISOS | H36: 1 | I36: ='02. Planilha Orçamentária'!J93 -> 36033.14 | J36: 0.020303108
A38: 2.6 | D38: COBERTURA | H38: 1 | I38: ='02. Planilha Orçamentária'!J100 -> 61934.71 | J38: 0.034899244
A40: 2.7 | D40: COBERTURA PROVISÓRIA | H40: 1 | I40: ='02. Planilha Orçamentária'!J113 -> 144294.38 | J40: 0.081308254
A42: 2.8 | D42: FORROS | H42: 1 | I42: ='02. Planilha Orçamentária'!J160 -> 50144.11 | J42: 0.028252536
A44: 2.9 | D44: ESQUADRIAS | H44: 1 | I44: ='02. Planilha Orçamentária'!J165 -> 67002.37 | J44: 0.037756388
A46: 2.10 | D46: ACESSOS VERTICAIS | H46: 1 | I46: ='02. Planilha Orçamentária'!J181 -> 50483.07 | J46: 0.028447833
A48: 2.11 | D48: PINTURA | H48: 1 | I48: ='02. Planilha Orçamentária'!J188 -> 76829.59 | J48: 0.043291719
A50: 2.12 | D50: INSTALAÇÕES ELÉTRICAS | H50: 1 | I50: ='02. Planilha Orçamentária'!J197 -> 162848.51 | J50: 0.091766617
A52: 2.13 | D52: CABEAMENTO ESTRUTURADO (VOZ E DADOS) | H52: 1 | I52: ='02. Planilha Orçamentária'!J258 -> 157202.38 | J52: 0.088584178
A54: 2.14 | D54: COMBATE A INCENDIO | H54: 1 | I54: ='02. Planilha Orçamentária'!J302 -> 4106.39 | J54: 0.0023139875
A56: 2.15 | D56: INSTALAÇÃO DE GÁS | H56: 1 | I56: ='02. Planilha Orçamentária'!J310 -> 363.93 | J56: 0.00020507467
A58: 2.16 | D58: DIVERSOS | H58: 1 | I58: ='02. Planilha Orçamentária'!J313 -> 54889.81 | J58: 0.030927844
A60: 3 | D60: ANEXO A SER CONSTRUÍDO | H60: 1 | I60: ='02. Planilha Orçamentária'!J327 -> 297008.16 | J60: 0.16559566 | K60: X
A62: 3.1 | D62: SERVIÇOS PRELIMINARES | H62: 1 | I62: ='02. Planilha Orçamentária'!J328 -> 1009.45 | J62: 0.00056831133
A64: 3.2 | D64: MOVIMENTO DE TERRA | H64: 1 | I64: ='02. Planilha Orçamentária'!J330 -> 3468.38 | J64: 0.0019532247
A66: 3.3 | D66: FUNDAÇÃO E ESTRUTURA (ANEXO) | H66: 1 | I66: ='02. Planilha Orçamentária'!J339 -> 52374.97 | J66: 0.029508708
A68: 3.4 | D68: FUNDAÇÃO E ESTRUTURA (COPA) | H68: 1 | I68: ='02. Planilha Orçamentária'!J358 -> 14058.58 | J68: 0.0079217249
A70: 3.5 | D70: FUNDAÇÃO (MURO) | H70: 1 | I70: ='02. Planilha Orçamentária'!J374 -> 2490.88 | J70: 0.0014036277
A72: 3.6 | D72: ELEVAÇÃO DE ALVENARIA, CHAPISCO E REBOCO | H72: 1 | I72: ='02. Planilha Orçamentária'!J377 -> 78768.7 | J72: 0.044381452
A74: 3.7 | D74: PINTURA | H74: 1 | I74: ='02. Planilha Orçamentária'!J394 -> 9302.28 | J74: 0.0052404773
A76: 3.8 | D76: FORRO | H76: 1 | I76: ='02. Planilha Orçamentária'!J403 -> 6860.82 | J76: 0.0038658086
A78: 3.9 | D78: ESQUADRIAS | H78: 1 | I78: ='02. Planilha Orçamentária'!J407 -> 20726.36 | J78: 0.011679603
A80: 3.10 | D80: FACHADA DO ELEVADOR | H80: 1 | I80: ='02. Planilha Orçamentária'!J414 -> 15919.26 | J80: 0.0089707491
A82: 3.11 | D82: LOUÇAS E METAIS SANITÁRIOS | H82: 1 | I82: ='02. Planilha Orçamentária'!J417 -> 14692.16 | J82: 0.0082791292
A84: 3.12 | D84: DIVERSOS | H84: 1 | I84: ='02. Planilha Orçamentária'!J429 -> 2381.3 | J84: 0.0013419002
A86: 3.13 | D86: INSTALAÇÃO DE GÁS | H86: 1 | I86: ='02. Planilha Orçamentária'!J431 -> 2012.73 | J86: 0.0011341939
A88: 3.14 | D88: TRATAMENTO DE ESGOTOS | H88: 1 | I88: ='02. Planilha Orçamentária'!J435 -> 33575.01 | J88: 0.01891797
A90: 3.15 | D90: PISOS NOVOS | H90: 1 | I90: ='02. Planilha Orçamentária'!J458 -> 39367.28 | J90: 0.020428778
F92: Total sem BDI | H92: =I102 -> 1526449
F93: Total do BDI | H93: 335310.9
F94: Total Geral | H94: =I22+I26+I60 -> 1882253.1
I99: {='02. Planilha Orçamentária'!H465:K465} -> 355804.14 | J99: 0 | K99: 0 | L99: 0
I102: {='02. Planilha Orçamentária'!H464:K464} -> 1526449 | J102: 0 | K102: 0 | L102: 0

Sheet 04. Cronograma
A7: SECRETARIA MUNICIPAL DA INFRAESTRUTURA DO MUNICÍPIO DE SÃO CRISTÓVÃO-SE
A9: CRONOGRAMA - ANTIGA CASA DE CÂMARA E CADEIA DE SÃO CRISTÓVÃO
A11: Objeto: | B11: Restauração dos prédios da Câmara e Cadeia, localizada em São Cristóvão/SE. - revisão 06
A13: RESPONSÁVEL TÉCNICO:
A15: Eng.ª Civil Verônica Nascimento CREA-SE: Nº270847513-4
A17: Bancos de Dados: | D17: Encargos Sociais (NÃO DESONERADO) | E17: B.D.I | H17: DATA: 02/05/2025- REVISÃO 06
A18: SINAPI - 12/2024 - Sergipe | D18: Horista: 112,54% | E18: 0.2354
A19: ORSE - 12/2024 - Sergipe | D19: Mensalista: 70,11% | E19: 0.1402
A21: Cronograma Físico e Financeiro
D22: 30 DIAS | E22: 60 DIAS | F22: 90 DIAS | G22: 120 DIAS | H22: 150 DIAS | I22: 180 DIAS | J22: 210 DIAS | K22: 240 DIAS
A23: Item | B23: Descrição | C23: Total Por Etapa (MESES) | D23: 1 | E23: =D23+1 -> 2 | F23: =E23+1 -> 3 | G23: =F23+1 -> 4 | H23: =G23+1 -> 5 | I23: =H23+1 -> 6 | J23: =I23+1 -> 7 | K23: =J23+1 -> 8
A24: ='03. Orçamento Sintético'!A22 -> 1 | B24: ='03. Orçamento Sintético'!D22 -> ADMINISTRAÇÃO DA OBRA | C24: ='03. Orçamento Sintético'!I22 -> 390269.37 | D24: =SUM(D26) -> 19396.388 | E24: =SUM(E26) -> 33407.058 | F24: =SUM(F26) -> 56589.059 | G24: =SUM(G26) -> 67516.601 | H24: =SUM(H26) -> 67516.601 | I24: =SUM(I26) -> 59711.214 | J24: =SUM(J26) -> 59711.214 | K24: =SUM(K26) -> 26421.236 | L24: x | M24: =SUM(D24:K24) -> 390269.37 | N24: =IF(M24=C24,,"erro") -> 0
C25: =SUM(D25:K25) -> 1 | D25: =D27 -> 0.0497 | E25: =E27 -> 0.0856 | F25: =F27 -> 0.145 | G25: =G27 -> 0.173 | H25: =H27 -> 0.173 | I25: =I27 -> 0.153 | J25: =J27 -> 0.153 | K25: =K27 -> 0.0677
A26: ='03. Orçamento Sintético'!A24 -> 1.1 | B26: ='03. Orçamento Sintético'!D24 -> ADMINISTRAÇÃO LOCAL | C26: ='03. Orçamento Sintético'!I24 -> 390269.37 | D26: =D27*$C26 -> 19396.388 | E26: =E27*$C26 -> 33407.058 | F26: =F27*$C26 -> 56589.059 | G26: =G27*$C26 -> 67516.601 | H26: =H27*$C26 -> 67516.601 | I26: =I27*$C26 -> 59711.214 | J26: =J27*$C26 -> 59711.214 | K26: =K27*$C26 -> 26421.236 | M26: =SUM(D26:K26) -> 390269.37 | N26: =IF(M26=C26,,"erro") -> 0
C27: =SUM(D27:K27) -> 1 | D27: 0.0497 | E27: 0.0856 | F27: 0.145 | G27: 0.173 | H27: 0.173 | I27: 0.153 | J27: 0.153 | K27: 0.0677
A28: ='03. Orçamento Sintético'!A26 -> 2 | B28: ='03. Orçamento Sintético'!D26 -> PREDIO ANTIGO | C28: ='03. Orçamento Sintético'!I26 -> 1194975.6 | D28: =SUMIF($L$30:$L$61,"a",D30:D61) -> 329195.77 | E28: =SUMIF($L$30:$L$61,"a",E30:E61) -> 68921.582 | F28: =SUMIF($L$30:$L$61,"a",F30:F61) -> 222136.09 | G28: =SUMIF($L$30:$L$61,"a",G30:G61) -> 101518.32 | H28: =SUMIF($L$30:$L$61,"a",H30:H61) -> 154717.29 | I28: =SUMIF($L$30:$L$61,"a",I30:I61) -> 189403.38 | J28: =SUMIF($L$30:$L$61,"a",J30:J61) -> 123594.19 | K28: =SUMIF($L$30:$L$61,"a",K30:K61) -> 5488.981 | L28: x | M28: =SUM(D28:K28) -> 1194975.6 | N28: =IF(M28=C28,,"erro") -> 0
C29: =SUM(D29:K29) -> 1 | D29: =D28/$C$28 -> 0.27548326 | E29: =E28/$C$28 -> 0.057676141 | F29: =F28/$C$28 -> 0.18589174 | G29: =G28/$C$28 -> 0.084954303 | H29: =H28/$C$28 -> 0.12947318 | I29: =I28/$C$28 -> 0.15849979 | J29: =J28/$C$28 -> 0.10342821 | K29: =K28/$C$28 -> 0.0045933833
A30: ='03. Orçamento Sintético'!A28 -> 2.1 | B30: ='03. Orçamento Sintético'!D28 -> REFORMA DA ANTIGA CASA DE CAMARA E CADEIA DE SÃO CRISTÓVÃO | C30: ='03. Orçamento Sintético'!I28 -> 184868.87 | D30: =D31*$C30 -> 143809.49 | E30: =E31*$C30 -> 0 | F30: =F31*$C30 -> 0 | G30: =G31*$C30 -> 0 | H30: =H31*$C30 -> 20538.931 | I30: =I31*$C30 -> 0 | J30: =J31*$C30 -> 20520.445 | K30: =K31*$C30 -> 0 | L30: a | M30: =SUM(D30:K30) -> 184868.87 | N30: =IF(M30=C30,,"erro") -> 0
C31: =SUM(D31:K31) -> 1 | D31: 0.7779 | H31: 0.1111 | J31: 0.111
A32: ='03. Orçamento Sintético'!A30 -> 2.2 | B32: ='03. Orçamento Sintético'!D30 -> DEMOLIÇÕES E REMOÇÕES | C32: ='03. Orçamento Sintético'!I30 -> 3597.83 | D32: =D33*$C32 -> 3597.83 | E32: =E33*$C32 -> 0 | F32: =F33*$C32 -> 0 | G32: =G33*$C32 -> 0 | H32: =H33*$C32 -> 0 | I32: =I33*$C32 -> 0 | J32: =J33*$C32 -> 0 | K32: =K33*$C32 -> 0 | L32: a | M32: =SUM(D32:K32) -> 3597.83 | N32: =IF(M32=C32,,"erro") -> 0
C33: =SUM(D33:K33) -> 1 | D33: 1
A34: ='03. Orçamento Sintético'!A32 -> 2.3 | B34: ='03. Orçamento Sintético'!D32 -> ELEVAÇÕES | C34: ='03. Orçamento Sintético'!I32 -> 128133.19 | D34: =D35*$C34 -> 0 | E34: =E35*$C34 -> 0 | F34: =F35*$C34 -> 128133.19 | G34: =G35*$C34 -> 0 | H34: =H35*$C34 -> 0 | I34: =I35*$C34 -> 0 | J34: =J35*$C34 -> 0 | K34: =K35*$C34 -> 0 | L34: a | M34: =SUM(D34:K34) -> 128133.19 | N34: =IF(M34=C34,,"erro") -> 0
C35: =SUM(D35:K35) -> 1 | F35: 1 | R35: =R36*$C35 -> 0
A36: ='03. Orçamento Sintético'!A34 -> 2.4 | B36: ='03. Orçamento Sintético'!D34 -> LEVANTAMENTO DE ALVENARIA NOVA DENTRO DA CASA DE CAMARA E CADEIA | C36: ='03. Orçamento Sintético'!I34 -> 12243.33 | D36: =D37*$C36 -> 0 | E36: =E37*$C36 -> 4897.332 | F36: =F37*$C36 -> 7345.998 | G36: =G37*$C36 -> 0 | H36: =H37*$C36 -> 0 | I36: =I37*$C36 -> 0 | J36: =J37*$C36 -> 0 | K36: =K37*$C36 -> 0 | L36: a | M36: =SUM(D36:K36) -> 12243.33 | N36: =IF(M36=C36,,"erro") -> 0
C37: =SUM(D37:K37) -> 1 | E37: 0.4 | F37: 0.6
A38: ='03. Orçamento Sintético'!A36 -> 2.5 | B38: ='03. Orçamento Sintético'!D36 -> PISOS | C38: ='03. Orçamento Sintético'!I36 -> 36033.14 | D38: =D39*$C38 -> 0 | E38: =E39*$C38 -> 10809.942 | F38: =F39*$C38 -> 14413.256 | G38: =G39*$C38 -> 10809.942 | H38: =H39*$C38 -> 0 | I38: =I39*$C38 -> 0 | J38: =J39*$C38 -> 0 | K38: =K39*$C38 -> 0 | L38: a | M38: =SUM(D38:K38) -> 36033.14 | N38: =IF(M38=C38,,"erro") -> 0
C39: =SUM(D39:K39) -> 1 | E39: 0.3 | F39: 0.4 | G39: 0.3
A40: ='03. Orçamento Sintético'!A38 -> 2.6 | B40: ='03. Orçamento Sintético'!D38 -> COBERTURA | C40: ='03. Orçamento Sintético'!I38 -> 61934.71 | D40: =D41*$C40 -> 0 | E40: =E41*$C40 -> 0 | F40: =F41*$C40 -> 0 | G40: =G41*$C40 -> 0 | H40: =H41*$C40 -> 61934.71 | I40: =I41*$C40 -> 0 | J40: =J41*$C40 -> 0 | K40: =K41*$C40 -> 0 | L40: a | M40: =SUM(D40:K40) -> 61934.71 | N40: =IF(M40=C40,,"erro") -> 0
C41: =SUM(D41:K41) -> 1 | H41: 1
A42: ='03. Orçamento Sintético'!A40 -> 2.7 | B42: ='03. Orçamento Sintético'!D40 -> COBERTURA PROVISÓRIA | C42: ='03. Orçamento Sintético'!I40 -> 144294.38 | D42: =D43*$C42 -> 144294.38 | E42: =E43*$C42 -> 0 | F42: =F43*$C42 -> 0 | G42: =G43*$C42 -> 0 | H42: =H43*$C42 -> 0 | I42: =I43*$C42 -> 0 | J42: =J43*$C42 -> 0 | K42: =K43*$C42 -> 0 | L42: a | M42: =SUM(D42:K42) -> 144294.38 | N42: =IF(M42=C42,,"erro") -> 0
C43: =SUM(D43:K43) -> 1 | D43: 1
A44: ='03. Orçamento Sintético'!A42 -> 2.8 | B44: ='03. Orçamento Sintético'!D42 -> FORROS | C44: ='03. Orçamento Sintético'!I42 -> 50144.11 | D44: =D45*$C44 -> 0 | E44: =E45*$C44 -> 0 | F44: =F45*$C44 -> 0 | G44: =G45*$C44 -> 0 | H44: =H45*$C44 -> 0 | I44: =I45*$C44 -> 50144.11 | J44: =J45*$C44 -> 0 | K44: =K45*$C44 -> 0 | L44: a | M44: =SUM(D44:K44) -> 50144.11 | N44: =IF(M44=C44,,"erro") -> 0
C45: =SUM(D45:K45) -> 1 | I45: 1
A46: ='03. Orçamento Sintético'!A44 -> 2.9 | B46: ='03. Orçamento Sintético'!D44 -> ESQUADRIAS | C46: ='03. Orçamento Sintético'!I44 -> 67002.37 | D46: =D47*$C46 -> 0 | E46: =E47*$C46 -> 0 | F46: =F47*$C46 -> 0 | G46: =G47*$C46 -> 0 | H46: =H47*$C46 -> 0 | I46: =I47*$C46 -> 67002.37 | J46: =J47*$C46 -> 0 | K46: =K47*$C46 -> 0 | L46: a | M46: =SUM(D46:K46) -> 67002.37 | N46: =IF(M46=C46,,"erro") -> 0
C47: =SUM(D47:K47) -> 1 | I47: 1
A48: ='03. Orçamento Sintético'!A46 -> 2.10 | B48: ='03. Orçamento Sintético'!D46 -> ACESSOS VERTICAIS | C48: ='03. Orçamento Sintético'!I46 -> 50483.07 | D48: =D49*$C48 -> 0 | E48: =E49*$C48 -> 0 | F48: =F49*$C48 -> 0 | G48: =G49*$C48 -> 0 | H48: =H49*$C48 -> 0 | I48: =I49*$C48 -> 50483.07 | J48: =J49*$C48 -> 0 | K48: =K49*$C48 -> 0 | L48: a | M48: =SUM(D48:K48) -> 50483.07 | N48: =IF(M48=C48,,"erro") -> 0
C49: =SUM(D49:K49) -> 1 | I49: 1
A50: ='03. Orçamento Sintético'!A48 -> 2.11 | B50: ='03. Orçamento Sintético'!D48 -> PINTURA | C50: ='03. Orçamento Sintético'!I48 -> 76829.59 | D50: =D51*$C50 -> 0 | E50: =E51*$C50 -> 0 | F50: =F51*$C50 -> 0 | G50: =G51*$C50 -> 0 | H50: =H51*$C50 -> 0 | I50: =I51*$C50 -> 0 | J50: =J51*$C50 -> 76829.59 | K50: =K51*$C50 -> 0 | L50: a
C51: =SUM(D51:K51) -> 1 | J51: 1
A52: ='03. Orçamento Sintético'!A50 -> 2.12 | B52: ='03. Orçamento Sintético'!D50 -> INSTALAÇÕES ELÉTRICAS | C52: ='03. Orçamento Sintético'!I50 -> 162848.51 | D52: =D53*$C52 -> 16284.851 | E52: =E53*$C52 -> 16284.851 | F52: =F53*$C52 -> 32569.702 | G52: =G53*$C52 -> 32569.702 | H52: =H53*$C52 -> 32569.702 | I52: =I53*$C52 -> 16284.851 | J52: =J53*$C52 -> 16284.851 | K52: =K53*$C52 -> 0 | L52: a
C53: =SUM(D53:K53) -> 1 | D53: 0.1 | E53: 0.1 | F53: 0.2 | G53: 0.2 | H53: 0.2 | I53: 0.1 | J53: 0.1
A54: ='03. Orçamento Sintético'!A52 -> 2.13 | B54: ='03. Orçamento Sintético'!D52 -> CABEAMENTO ESTRUTURADO (VOZ E DADOS) | C54: ='03. Orçamento Sintético'!I52 -> 157202.38 | D54: =D55*$C54 -> 15720.238 | E54: =E55*$C54 -> 31440.476 | F54: =F55*$C54 -> 31440.476 | G54: =G55*$C54 -> 47160.714 | H54: =H55*$C54 -> 31440.476 | I54: =I55*$C54 -> 0 | J54: =J55*$C54 -> 0 | K54: =K55*$C54 -> 0 | L54: a
C55: =SUM(D55:K55) -> 1 | D55: 0.1 | E55: 0.2 | F55: 0.2 | G55: 0.3 | H55: 0.2
A56: ='03. Orçamento Sintético'!A54 -> 2.14 | B56: ='03. Orçamento Sintético'!D54 -> COMBATE A INCENDIO | C56: ='03. Orçamento Sintético'!I54 -> 4106.39 | D56: =D57*$C56 -> 0 | E56: =E57*$C56 -> 0 | F56: =F57*$C56 -> 0 | G56: =G57*$C56 -> 0 | H56: =H57*$C56 -> 0 | I56: =I57*$C56 -> 0 | J56: =J57*$C56 -> 4106.39 | K56: =K57*$C56 -> 0 | L56: a
C57: =SUM(D57:K57) -> 1 | J57: 1
A58: ='03. Orçamento Sintético'!A56 -> 2.15 | B58: ='03. Orçamento Sintético'!D56 -> INSTALAÇÃO DE GÁS | C58: ='03. Orçamento Sintético'!I56 -> 363.93 | D58: =D59*$C58 -> 0 | E58: =E59*$C58 -> 0 | F58: =F59*$C58 -> 0 | G58: =G59*$C58 -> 0 | H58: =H59*$C58 -> 0 | I58: =I59*$C58 -> 0 | J58: =J59*$C58 -> 363.93 | K58: =K59*$C58 -> 0 | L58: a
C59: =SUM(D59:K59) -> 1 | J59: 1
A60: ='03. Orçamento Sintético'!A58 -> 2.16 | B60: ='03. Orçamento Sintético'!D58 -> DIVERSOS | C60: ='03. Orçamento Sintético'!I58 -> 54889.81 | D60: =D61*$C60 -> 5488.981 | E60: =E61*$C60 -> 5488.981 | F60: =F61*$C60 -> 8233.4715 | G60: =G61*$C60 -> 10977.962 | H60: =H61*$C60 -> 8233.4715 | I60: =I61*$C60 -> 5488.981 | J60: =J61*$C60 -> 5488.981 | K60: =K61*$C60 -> 5488.981 | L60: a
C61: =SUM(D61:K61) -> 1 | D61: 0.1 | E61: 0.1 | F61: 0.15 | G61: 0.2 | H61: 0.15 | I61: 0.1 | J61: 0.1 | K61: 0.1
A62: ='03. Orçamento Sintético'!A60 -> 3 | B62: ='03. Orçamento Sintético'!D60 -> ANEXO A SER CONSTRUÍDO | C62: ='03. Orçamento Sintético'!I60 -> 297008.16 | D62: =SUMIF($L$64:$L$93,"b",D64:D93) -> 0 | E62: =SUMIF($L$64:$L$93,"b",E64:E93) -> 0 | F62: =SUMIF($L$64:$L$93,"b",F64:F93) -> 0 | G62: =SUMIF($L$64:$L$93,"b",G64:G93) -> 0 | H62: =SUMIF($L$64:$L$93,"b",H64:H93) -> 73402.26 | I62: =SUMIF($L$64:$L$93,"b",I64:I93) -> 31507.48 | J62: =SUMIF($L$64:$L$93,"b",J64:J93) -> 178020.36 | K62: =SUMIF($L$64:$L$93,"b",K64:K93) -> 14078.058 | L62: x
C63: =SUM(D63:K63) -> 1 | D63: =D62/$C$62 -> 0 | E63: =E62/$C$62 -> 0 | F63: =F62/$C$62 -> 0 | G63: =G62/$C$62 -> 0 | H63: =H62/$C$62 -> 0.24713887 | I63: =I62/$C$62 -> 0.10608288 | J63: =J62/$C$62 -> 0.59937869 | K63: =K62/$C$62 -> 0.047399566
A64: ='03. Orçamento Sintético'!A62 -> 3.1 | B64: ='03. Orçamento Sintético'!D62 -> SERVIÇOS PRELIMINARES | C64: ='03. Orçamento Sintético'!I62 -> 1009.45 | D64: =D65*$C64 -> 0 | E64: =E65*$C64 -> 0 | F64: =F65*$C64 -> 0 | G64: =G65*$C64 -> 0 | H64: =H65*$C64 -> 1009.45 | I64: =I65*$C64 -> 0 | J64: =J65*$C64 -> 0 | K64: =K65*$C64 -> 0 | L64: b
C65: =SUM(D65:K65) -> 1 | H65: 1
A66: ='03. Orçamento Sintético'!A64 -> 3.2 | B66: ='03. Orçamento Sintético'!D64 -> MOVIMENTO DE TERRA | C66: ='03. Orçamento Sintético'!I64 -> 3468.38 | D66: =D67*$C66 -> 0 | E66: =E67*$C66 -> 0 | F66: =F67*$C66 -> 0 | G66: =G67*$C66 -> 0 | H66: =H67*$C66 -> 3468.38 | I66: =I67*$C66 -> 0 | J66: =J67*$C66 -> 0 | K66: =K67*$C66 -> 0 | L66: b
C67: =SUM(D67:K67) -> 1 | H67: 1
A68: ='03. Orçamento Sintético'!A66 -> 3.3 | B68: ='03. Orçamento Sintético'!D66 -> FUNDAÇÃO E ESTRUTURA (ANEXO) | C68: ='03. Orçamento Sintético'!I66 -> 52374.97 | D68: =D69*$C68 -> 0 | E68: =E69*$C68 -> 0 | F68: =F69*$C68 -> 0 | G68: =G69*$C68 -> 0 | H68: =H69*$C68 -> 52374.97 | I68: =I69*$C68 -> 0 | J68: =J69*$C68 -> 0 | K68: =K69*$C68 -> 0 | L68: b
C69: =SUM(D69:K69) -> 1 | H69: 1
A70: ='03. Orçamento Sintético'!A68 -> 3.4 | B70: ='03. Orçamento Sintético'!D68 -> FUNDAÇÃO E ESTRUTURA (COPA) | C70: ='03. Orçamento Sintético'!I68 -> 14058.58 | D70: =D71*$C70 -> 0 | E70: =E71*$C70 -> 0 | F70: =F71*$C70 -> 0 | G70: =G71*$C70 -> 0 | H70: =H71*$C70 -> 14058.58 | I70: =I71*$C70 -> 0 | J70: =J71*$C70 -> 0 | K70: =K71*$C70 -> 0 | L70: b
C71: =SUM(D71:K71) -> 1 | H71: 1
A72: ='03. Orçamento Sintético'!A70 -> 3.5 | B72: ='03. Orçamento Sintético'!D70 -> FUNDAÇÃO (MURO) | C72: ='03. Orçamento Sintético'!I70 -> 2490.88 | D72: =D73*$C72 -> 0 | E72: =E73*$C72 -> 0 | F72: =F73*$C72 -> 0 | G72: =G73*$C72 -> 0 | H72: =H73*$C72 -> 2490.88 | I72: =I73*$C72 -> 0 | J72: =J73*$C72 -> 0 | K72: =K73*$C72 -> 0 | L72: b
C73: =SUM(D73:K73) -> 1 | H73: 1
A74: ='03. Orçamento Sintético'!A72 -> 3.6 | B74: ='03. Orçamento Sintético'!D72 -> ELEVAÇÃO DE ALVENARIA, CHAPISCO E REBOCO | C74: ='03. Orçamento Sintético'!I72 -> 78768.7 | D74: =D75*$C74 -> 0 | E74: =E75*$C74 -> 0 | F74: =F75*$C74 -> 0 | G74: =G75*$C74 -> 0 | H74: =H75*$C74 -> 0 | I74: =I75*$C74 -> 31507.48 | J74: =J75*$C74 -> 47261.22 | K74: =K75*$C74 -> 0 | L74: b
C75: =SUM(D75:K75) -> 1 | I75: 0.4 | J75: 0.6
A76: ='03. Orçamento Sintético'!A74 -> 3.7 | B76: ='03. Orçamento Sintético'!D74 -> PINTURA | C76: ='03. Orçamento Sintético'!I74 -> 9302.28 | D76: =D77*$C76 -> 0 | E76: =E77*$C76 -> 0 | F76: =F77*$C76 -> 0 | G76: =G77*$C76 -> 0 | H76: =H77*$C76 -> 0 | I76: =I77*$C76 -> 0 | J76: =J77*$C76 -> 0 | K76: =K77*$C76 -> 9302.28 | L76: b
C77: =SUM(D77:K77) -> 1 | K77: 1
A78: ='03. Orçamento Sintético'!A76 -> 3.8 | B78: ='03. Orçamento Sintético'!D76 -> FORRO | C78: ='03. Orçamento Sintético'!I76 -> 6860.82 | D78: =D79*$C78 -> 0 | E78: =E79*$C78 -> 0 | F78: =F79*$C78 -> 0 | G78: =G79*$C78 -> 0 | H78: =H79*$C78 -> 0 | I78: =I79*$C78 -> 0 | J78: =J79*$C78 -> 6860.82 | K78: =K79*$C78 -> 0 | L78: b
C79: =SUM(D79:K79) -> 1 | J79: 1
A80: ='03. Orçamento Sintético'!A78 -> 3.9 | B80: ='03. Orçamento Sintético'!D78 -> ESQUADRIAS | C80: ='03. Orçamento Sintético'!I78 -> 20726.36 | D80: =D81*$C80 -> 0 | E80: =E81*$C80 -> 0 | F80: =F81*$C80 -> 0 | G80: =G81*$C80 -> 0 | H80: =H81*$C80 -> 0 | I80: =I81*$C80 -> 0 | J80: =J81*$C80 -> 20726.36 | K80: =K81*$C80 -> 0 | L80: b
C81: =SUM(D81:K81) -> 1 | J81: 1
A82: ='03. Orçamento Sintético'!A80 -> 3.10 | B82: ='03. Orçamento Sintético'!D80 -> FACHADA DO ELEVADOR | C82: ='03. Orçamento Sintético'!I80 -> 15919.26 | D82: =D83*$C82 -> 0 | E82: =E83*$C82 -> 0 | F82: =F83*$C82 -> 0 | G82: =G83*$C82 -> 0 | H82: =H83*$C82 -> 0 | I82: =I83*$C82 -> 0 | J82: =J83*$C82 -> 11143.482 | K82: =K83*$C82 -> 4775.778 | L82: b
C83: =SUM(D83:K83) -> 1 | J83: 0.7 | K83: 0.3
A84: ='03. Orçamento Sintético'!A82 -> 3.11 | B84: ='03. Orçamento Sintético'!D82 -> LOUÇAS E METAIS SANITÁRIOS | C84: ='03. Orçamento Sintético'!I82 -> 14692.16 | D84: =D85*$C84 -> 0 | E84: =E85*$C84 -> 0 | F84: =F85*$C84 -> 0 | G84: =G85*$C84 -> 0 | H84: =H85*$C84 -> 0 | I84: =I85*$C84 -> 0 | J84: =J85*$C84 -> 14692.16 | K84: =K85*$C84 -> 0 | L84: b
C85: =SUM(D85:K85) -> 1 | J85: 1
A86: ='03. Orçamento Sintético'!A84 -> 3.12 | B86: ='03. Orçamento Sintético'!D84 -> DIVERSOS | C86: ='03. Orçamento Sintético'!I84 -> 2381.3 | D86: =D87*$C86 -> 0 | E86: =E87*$C86 -> 0 | F86: =F87*$C86 -> 0 | G86: =G87*$C86 -> 0 | H86: =H87*$C86 -> 0 | I86: =I87*$C86 -> 0 | J86: =J87*$C86 -> 2381.3 | K86: =K87*$C86 -> 0 | L86: b
C87: =SUM(D87:K87) -> 1 | J87: 1
A88: ='03. Orçamento Sintético'!A86 -> 3.13 | B88: ='03. Orçamento Sintético'!D86 -> INSTALAÇÃO DE GÁS | C88: ='03. Orçamento Sintético'!I86 -> 2012.73 | D88: =D89*$C88 -> 0 | E88: =E89*$C88 -> 0 | F88: =F89*$C88 -> 0 | G88: =G89*$C88 -> 0 | H88: =H89*$C88 -> 0 | I88: =I89*$C88 -> 0 | J88: =J89*$C88 -> 2012.73 | K88: =K89*$C88 -> 0 | L88: b
C89: =SUM(D89:K89) -> 1 | J89: 1
A90: ='03. Orçamento Sintético'!A88 -> 3.14 | B90: ='03. Orçamento Sintético'!D88 -> TRATAMENTO DE ESGOTOS | C90: ='03. Orçamento Sintético'!I88 -> 33575.01 | D90: =D91*$C90 -> 0 | E90: =E91*$C90 -> 0 | F90: =F91*$C90 -> 0 | G90: =G91*$C90 -> 0 | H90: =H91*$C90 -> 0 | I90: =I91*$C90 -> 0 | J90: =J91*$C90 -> 33575.01 | K90: =K91*$C90 -> 0 | L90: b
C91: =SUM(D91:K91) -> 1 | J91: 1
A92: ='03. Orçamento Sintético'!A90 -> 3.15 | B92: ='03. Orçamento Sintético'!D90 -> PISOS NOVOS | C92: ='03. Orçamento Sintético'!I90 -> 39367.28 | D92: =D93*$C92 -> 0 | E92: =E93*$C92 -> 0 | F92: =F93*$C92 -> 0 | G92: =G93*$C92 -> 0 | H92: =H93*$C92 -> 0 | I92: =I93*$C92 -> 0 | J92: =J93*$C92 -> 39367.28 | K92: =K93*$C92 -> 0 | L92: b
C93: =SUM(D93:K93) -> 1 | J93: 1
A94: Porcentagem | D94: =(D62+D28+D24)/$C$98 -> 0.18519941 | E94: =(E62+E28+E24)/$C$98 -> 0.054364972 | F94: =(F62+F28+F24)/$C$98 -> 0.14808059 | G94: =(G62+G28+G24)/$C$98 -> 0.089804563 | H94: =(H62+H28+H24)/$C$98 -> 0.15706503 | I94: =(I62+I28+I24)/$C$98 -> 0.14908838 | J94: =(J62+J28+J24)/$C$98 -> 0.19196449 | K94: =(K62+K28+K24)/$C$98 -> 0.024432567 | L94: =SUM(D94:K94) -> 1
A95: Custo | D95: =SUMIF($L$24:$L$93,"X",D24:D93) -> 348592.16 | E95: =SUMIF($L$24:$L$93,"X",E24:E93) -> 102328.64 | F95: =SUMIF($L$24:$L$93,"X",F24:F93) -> 278725.15 | G95: =SUMIF($L$24:$L$93,"X",G24:G93) -> 169034.92 | H95: =SUMIF($L$24:$L$93,"X",H24:H93) -> 295636.15 | I95: =SUMIF($L$24:$L$93,"X",I24:I93) -> 280622.08 | J95: =SUMIF($L$24:$L$93,"X",J24:J93) -> 361325.76 | K95: =SUMIF($L$24:$L$93,"X",K24:K93) -> 45988.275
A96: Porcentagem Acumulado | D96: =D94 -> 0.18519941 | E96: =D96+E94 -> 0.23956438 | F96: =E96+F94 -> 0.38764497 | G96: =F96+G94 -> 0.47744953 | H96: =G96+H94 -> 0.63451456 | I96: =H96+I94 -> 0.78360294 | J96: =I96+J94 -> 0.97556743 | K96: =J96+K94 -> 1
A97: Custo Acumulado | D97: =D95 -> 348592.16 | E97: =D97+E95 -> 450920.8 | F97: =E97+F95 -> 729645.95 | G97: =F97+G95 -> 898680.87 | H97: =G97+H95 -> 1194317 | I97: =H97+I95 -> 1474939.1 | J97: =I97+J95 -> 1836264.9 | K97: =J97+K95 -> 1882253.1 | L97: =IF(C99=K97,"","ERRO") -> ERRO
C98: =C24+C28+C62 -> 1882253.1

Sheet 05. Composições
A7: SECRETARIA MUNICIPAL DA INFRAESTRUTURA DO MUNICÍPIO DE SÃO CRISTÓVÃO-SE
A9: COMPOSIÇÕES - ANTIGA CASA DE CÂMARA E CADEIA DE SÃO CRISTÓVÃO
A11: Objeto: | B11: Restauração dos prédios da Câmara e Cadeia, localizada em São Cristóvão/SE. - revisão 06
A13: RESPONSÁVEL TÉCNICO:
A15: Eng.ª Civil Verônica Nascimento CREA-SE: Nº270847513-4
A17: Bancos de Dados: | D17: Encargos Sociais (NÃO DESONERADO) | E17: B.D.I | H17: DATA: 02/05/2025- REVISÃO 06
A18: SINAPI - 12/2024 - Sergipe | D18: Horista: 112,54% | E18: 0.2354
A19: ORSE - 12/2024 - Sergipe | D19: Mensalista: 70,11% | E19: 0.1402
A20: 1.1.1.1 | B20: Código | C20: Banco | D20: Descrição | E20: Tipo | G20: Und | H20: Quant. | I20: Valor Unit | J20: Total
A21: Composição | B21: 93568 | C21: SINAPI | D21: ENGENHEIRO CIVIL DE OBRA SENIOR COM ENCARGOS COMPLEMENTARES | E21: SEDI - SERVIÇOS DIVERSOS | G21: MES | H21: 1 | I21: 26311.95 | J21: 26311.95
A22: Composição Auxiliar | B22: 95418 | C22: SINAPI | D22: CURSO DE CAPACITAÇÃO PARA ENGENHEIRO CIVIL DE OBRA SÊNIOR (ENCARGOS COMPLEMENTARES) - MENSALISTA | E22: SEDI - SERVIÇOS DIVERSOS | G22: MES | H22: 1 | I22: 325.18 | J22: 325.18
A23: Insumo | B23: 00040864 | C23: SINAPI | D23: SEGURO - MENSALISTA (COLETADO CAIXA - ENCARGOS COMPLEMENTARES) | E23: Material | G23: MES | H23: 1 | I23: 7.31 | J23: 7.31
A24: Insumo | B24: 00043498 | C24: SINAPI | D24: EPI - FAMILIA ENGENHEIRO CIVIL - MENSALISTA (ENCARGOS COMPLEMENTARES - COLETADO CAIXA) | E24: Material | G24: MES | H24: 1 | I24: 140.23 | J24: 140.23
A25: Insumo | B25: 00043474 | C25: SINAPI | D25: FERRAMENTAS - FAMILIA ENGENHEIRO CIVIL - MENSALISTA (ENCARGOS COMPLEMENTARES - COLETADO CAIXA) | E25: Material | G25: MES | H25: 1 | I25: 2.29 | J25: 2.29
A26: Insumo | B26: 00040814 | C26: SINAPI | D26: ENGENHEIRO CIVIL DE OBRA SENIOR (MENSALISTA) | E26: Mão de Obra | G26: MES | H26: 1 | I26: 25584.86 | J26: 25584.86
A27: Insumo | B27: 00040863 | C27: SINAPI | D27: EXAMES - MENSALISTA (COLETADO CAIXA - ENCARGOS COMPLEMENTARES) | E27: Material | G27: MES | H27: 1 | I27: 252.08 | J27: 252.08
E28: MO sem LS => | F28: 25910.04 | G28: LS => | H28: 0 | I28: MO com LS => | J28: 25910.04
E29: Valor do BDI => | F29: 6193.83 | H29: Valor com BDI => | J29: 32505.78
A31: 1.1.1.2 | B31: Código | C31: Banco | D31: Descrição | E31: Tipo | G31: Und | H31: Quant. | I31: Valor Unit | J31: Total
A32: Composição | B32: 93565 | C32: SINAPI | D32: ENGENHEIRO CIVIL DE OBRA JUNIOR COM ENCARGOS COMPLEMENTARES | E32: SEDI - SERVIÇOS DIVERSOS | G32: MES | H32: 1 | I32: 21076.28 | J32: 21076.28
A33: Composição Auxiliar | B33: 95415 | C33: SINAPI | D33: CURSO DE CAPACITAÇÃO PARA ENGENHEIRO CIVIL DE OBRA JÚNIOR (ENCARGOS COMPLEMENTARES) - MENSALISTA | E33: SEDI - SERVIÇOS DIVERSOS | G33: MES | H33: 1 | I33: 259.47 | J33: 259.47
A34: Insumo | B34: 00040811 | C34: SINAPI | D34: ENGENHEIRO CIVIL DE OBRA JUNIOR (MENSALISTA) | E34: Mão de Obra | G34: MES | H34: 1 | I34: 20414.9 | J34: 20414.9
A35: Insumo | B35: 00043498 | C35: SINAPI | D35: EPI - FAMILIA ENGENHEIRO CIVIL - MENSALISTA (ENCARGOS COMPLEMENTARES - COLETADO CAIXA) | E35: Material | G35: MES | H35: 1 | I35: 140.23 | J35: 140.23
A36: Insumo | B36: 00040863 | C36: SINAPI | D36: EXAMES - MENSALISTA (COLETADO CAIXA - ENCARGOS COMPLEMENTARES) | E36: Material | G36: MES | H36: 1 | I36: 252.08 | J36: 252.08
A37: Insumo | B37: 00043474 | C37: SINAPI | D37: FERRAMENTAS - FAMILIA ENGENHEIRO CIVIL - MENSALISTA (ENCARGOS COMPLEMENTARES - COLETADO CAIXA) | E37: Material | G37: MES | H37: 1 | I37: 2.29 | J37: 2.29
A38: Insumo | B38: 00040864 | C38: SINAPI | D38: SEGURO - MENSALISTA (COLETADO CAIXA - ENCARGOS COMPLEMENTARES) | E38: Material | G38: MES | H38: 1 | I38: 7.31 | J38: 7.31
E39: MO sem LS => | F39: 20674.37 | G39: LS => | H39: 0 | I39: MO com LS => | J39: 20674.37
E40: Valor do BDI => | F40: 4961.35 | H40: Valor com BDI => | J40: 26037.63
A42: 1.1.1.3 | B42: Código | C42: Banco | D42: Descrição | E42: Tipo | G42: Und | H42: Quant. | I42: Valor Unit | J42: Total
A43: Composição | B43: 100534 | C43: SINAPI | D43: TECNICO DE EDIFICACOES COM ENCARGOS COMPLEMENTARES | E43: SEDI - SERVIÇOS DIVERSOS | G43: MES | H43: 1 | I43: 3117.81 | J43: 3117.81
A44: Composição Auxiliar | B44: 100536 | C44: SINAPI | D44: CURSO DE CAPACITAÇÃO PARA TECNICO DE EDIFICACOES (ENCARGOS COMPLEMENTARES) - MENSALISTA | E44: SEDI - SERVIÇOS DIVERSOS | G44: MES | H44: 1 | I44: 41.17 | J44: 41.17
A45: Insumo | B45: 00040946 | C45: SINAPI | D45: TECNICO DE EDIFICACOES (MENSALISTA) | E45: Mão de Obra | G45: MES | H45: 1 | I45: 2658.32 | J45: 2658.32
A46: Insumo | B46: 00043494 | C46: SINAPI | D46: EPI - FAMILIA ALMOXARIFE - MENSALISTA (ENCARGOS COMPLEMENTARES - COLETADO CAIXA) | E46: Material | G46: MES | H46: 1 | I46: 148.04 | J46: 148.04
A47: Insumo | B47: 00040863 | C47: SINAPI | D47: EXAMES - MENSALISTA (COLETADO CAIXA - ENCARGOS COMPLEMENTARES) | E47: Material | G47: MES | H47: 1 | I47: 252.08 | J47: 252.08
A48: Insumo | B48: 00043470 | C48: SINAPI | D48: FERRAMENTAS - FAMILIA ALMOXARIFE - MENSALISTA (ENCARGOS COMPLEMENTARES - COLETADO CAIXA) | E48: Material | G48: MES | H48: 1 | I48: 10.89 | J48: 10.89
A49: Insumo | B49: 00040864 | C49: SINAPI | D49: SEGURO - MENSALISTA (COLETADO CAIXA - ENCARGOS COMPLEMENTARES) | E49: Material | G49: MES | H49: 1 | I49: 7.31 | J49: 7.31
E50: MO sem LS => | F50: 2699.49 | G50: LS => | H50: 0 | I50: MO com LS => | J50: 2699.49
E51: Valor do BDI => | F51: 733.93 | H51: Valor com BDI => | J51: 3851.74
A53: 1.1.1.4 | B53: Código | C53: Banco | D53: Descrição | E53: Tipo | G53: Und | H53: Quant. | I53: Valor Unit | J53: Total
A54: Composição | B54: 93572 | C54: SINAPI | D54: ENCARREGADO GERAL DE OBRAS COM ENCARGOS COMPLEMENTARES | E54: SEDI - SERVIÇOS DIVERSOS | G54: MES | H54: 1 | I54: 5845.52 | J54: 5845.52
A55: Composição Auxiliar | B55: 95422 | C55: SINAPI | D55: CURSO DE CAPACITAÇÃO PARA ENCARREGADO GERAL DE OBRAS (ENCARGOS COMPLEMENTARES) - MENSALISTA | E55: SEDI - SERVIÇOS DIVERSOS | G55: MES | H55: 1 | I55: 95.6 | J55: 95.6
A56: Insumo | B56: 00043475 | C56: SINAPI | D56: FERRAMENTAS - FAMILIA ENCARREGADO GERAL - MENSALISTA (ENCARGOS COMPLEMENTARES - COLETADO CAIXA) | E56: Material | G56: MES | H56: 1 | I56: 18.73 | J56: 18.73
A57: Insumo | B57: 00043499 | C57: SINAPI | D57: EPI - FAMILIA ENCARREGADO GERAL - MENSALISTA (ENCARGOS COMPLEMENTARES - COLETADO CAIXA) | E57: Material | G57: MES | H57: 1 | I57: 236.16 | J57: 236.16
A58: Insumo | B58: 00040863 | C58: SINAPI | D58: EXAMES - MENSALISTA (COLETADO CAIXA - ENCARGOS COMPLEMENTARES) | E58: Material | G58: MES | H58: 1 | I58: 252.08 | J58: 252.08
A59: Insumo | B59: 00040818 | C59: SINAPI | D59: ENCARREGADO GERAL DE OBRAS (MENSALISTA) | E59: Mão de Obra | G59: MES | H59: 1 | I59: 5235.64 | J59: 5235.64
A60: Insumo | B60: 00040864 | C60: SINAPI | D60: SEGURO - MENSALISTA (COLETADO CAIXA - ENCARGOS COMPLEMENTARES) | E60: Material | G60: MES | H60: 1 | I60: 7.31 | J60: 7.31
E61: MO sem LS => | F61: 5331.24 | G61: LS => | H61: 0 | I61: MO com LS => | J61: 5331.24
E62: Valor do BDI => | F62: 1376.03 | H62: Valor com BDI => | J62: 7221.55
A64: 1.1.1.5 | B64: Código | C64: Banco | D64: Descrição | E64: Tipo | G64: Und | H64: Quant. | I64: Valor Unit | J64: Total
A65: Composição | B65: 93566 | C65: SINAPI | D65: AUXILIAR DE ESCRITORIO COM ENCARGOS COMPLEMENTARES | E65: SEDI - SERVIÇOS DIVERSOS | G65: MES | H65: 1 | I65: 2829.13 | J65: 2829.13
A66: Composição Auxiliar | B66: 95416 | C66: SINAPI | D66: CURSO DE CAPACITAÇÃO PARA AUXILIAR DE ESCRITÓRIO (ENCARGOS COMPLEMENTARES) - MENSALISTA | E66: SEDI - SERVIÇOS DIVERSOS | G66: MES | H66: 1 | I66: 10.51 | J66: 10.51
A67: Insumo | B67: 00040812 | C67: SINAPI | D67: AUXILIAR DE ESCRITORIO (MENSALISTA) | E67: Mão de Obra | G67: MES | H67: 1 | I67: 2400.3 | J67: 2400.3
A68: Insumo | B68: 00043470 | C68: SINAPI | D68: FERRAMENTAS - FAMILIA ALMOXARIFE - MENSALISTA (ENCARGOS COMPLEMENTARES - COLETADO CAIXA) | E68: Material | G68: MES | H68: 1 | I68: 10.89 | J68: 10.89
A69: Insumo | B69: 00040863 | C69: SINAPI | D69: EXAMES - MENSALISTA (COLETADO CAIXA - ENCARGOS COMPLEMENTARES) | E69: Material | G69: MES | H69: 1 | I69: 252.08 | J69: 252.08
A70: Insumo | B70: 00043494 | C70: SINAPI | D70: EPI - FAMILIA ALMOXARIFE - MENSALISTA (ENCARGOS COMPLEMENTARES - COLETADO CAIXA) | E70: Material | G70: MES | H70: 1 | I70: 148.04 | J70: 148.04
A71: Insumo | B71: 00040864 | C71: SINAPI | D71: SEGURO - MENSALISTA (COLETADO CAIXA - ENCARGOS COMPLEMENTARES) | E71: Material | G71: MES | H71: 1 | I71: 7.31 | J71: 7.31
E72: MO sem LS => | F72: 2410.81 | G72: LS => | H72: 0 | I72: MO com LS => | J72: 2410.81
E73: Valor do BDI => | F73: 665.97 | H73: Valor com BDI => | J73: 3495.1
A75: 1.1.1.6 | B75: Código | C75: Banco | D75: Descrição | E75: Tipo | G75: Und | H75: Quant. | I75: Valor Unit | J75: Total
A76: Composição | B76: 100289 | C76: SINAPI | D76: VIGIA DIURNO COM ENCARGOS COMPLEMENTARES | E76: SEDI - SERVIÇOS DIVERSOS | G76: H | H76: 1 | I76: 20.16 | J76: 20.16
A77: Composição Auxiliar | B77: 100288 | C77: SINAPI | D77: CURSO DE CAPACITAÇÃO PARA VIGIA DIURNO (ENCARGOS COMPLEMENTARES) - HORISTA | E77: SEDI - SERVIÇOS DIVERSOS | G77: H | H77: 1 | I77: 0.07 | J77: 0.07
A78: Insumo | B78: 00037372 | C78: SINAPI | D78: EXAMES - HORISTA (COLETADO CAIXA - ENCARGOS COMPLEMENTARES) | E78: Material | G78: H | H78: 1 | I78: 1.34 | J78: 1.34
A79: Insumo | B79: 00037371 | C79: SINAPI | D79: TRANSPORTE - HORISTA (COLETADO CAIXA - ENCARGOS COMPLEMENTARES) | E79: Material | G79: H | H79: 1 | I79: 0.74 | J79: 0.74
A80: Insumo | B80: 00043467 | C80: SINAPI | D80: FERRAMENTAS - FAMILIA SERVENTE - HORISTA (ENCARGOS COMPLEMENTARES - COLETADO CAIXA) | E80: Material | G80: H | H80: 1 | I80: 0.61 | J80: 0.61
A81: Insumo | B81: 00037370 | C81: SINAPI | D81: ALIMENTACAO - HORISTA (COLETADO CAIXA - ENCARGOS COMPLEMENTARES) | E81: Material | G81: H | H81: 1 | I81: 2.39 | J81: 2.39
A82: Insumo | B82: 00043491 | C82: SINAPI | D82: EPI - FAMILIA SERVENTE - HORISTA (ENCARGOS COMPLEMENTARES - COLETADO CAIXA) | E82: Material | G82: H | H82: 1 | I82: 1.33 | J82: 1.33
A83: Insumo | B83: 00034345 | C83: SINAPI | D83: VIGIA DIURNO (HORISTA) | E83: Mão de Obra | G83: H | H83: 1 | I83: 13.64 | J83: 13.64
A84: Insumo | B84: 00037373 | C84: SINAPI | D84: SEGURO - HORISTA (COLETADO CAIXA - ENCARGOS COMPLEMENTARES) | E84: Material | G84: H | H84: 1 | I84: 0.04 | J84: 0.04
E85: MO sem LS => | F85: 13.71 | G85: LS => | H85: 0 | I85: MO com LS => | J85: 13.71
E86: Valor do BDI => | F86: 4.74 | H86: Valor com BDI => | J86: 24.9
A88: 1.1.2.1 | B88: Código | C88: Banco | D88: Descrição | E88: Tipo | G88: Und | H88: Quant. | I88: Valor Unit | J88: Total
A89: Composição | B89: 1503 | C89: ORSE | D89: Extintor de água pressurizada capacidade 10 litros, instalado | E89: Equipamentos para Combate a Incêndio | G89: un | H89: 1 | I89: 216.54 | J89: 216.54
A90: Item | B90: Código | C90: Banco | D90: Descrição | E90: Tipo | G90: Und | H90: Quant. | I90: Valor Unit | J90: Total
A91: Insumo | B91: 00002696/SINAPI | C91: ORSE | D91: Encanador ou bombeiro hidraulico (horista) | E91: Mão de Obra | G91: h | H91: 0.5 | I91: 19,13 | J91: 9,56
A92: Composição | B92: 10554 | C92: ORSE | D92: Encargos Complementares - Encanador | E92: Provisórios | G92: h | H92: 0.5 | I92: 3,73 | J92: 1,86
A93: Insumo | B93: 00010886/SINAPI | C93: ORSE | D93: Extintor de incendio portatil com carga de agua pressurizada de 10 l, classe a | E93: Material | G93: un | H93: 1 | I93: 196,43 | J93: 196,43
A94: Composição | B94: 10549 | C94: ORSE | D94: Encargos Complementares - Servente | E94: Provisórios | G94: h | H94: 0.5 | I94: 3,79 | J94: 1,89
A95: Insumo | B95: 00006111/SINAPI | C95: ORSE | D95: Servente de obras (horista) | E95: Mão de Obra | G95: h | H95: 0.5 | I95: 13,65 | J95: 6,82
A96: Detalhamento de Cálculo ORSE
A97: Item | B97: Código | C97: Banco | D97: Descrição | E97: Tipo | G97: Und | H97: Quant. | I97: Valor Unit | J97: Total
A98: Insumo | B98: 00002696/SINAPI | C98: ORSE | D98: Encanador ou bombeiro hidraulico (horista) | E98: Mão de Obra | G98: h | H98: 0.5 | I98: 19,13 | J98: 9,56
A99: Insumo | B99: 10492 | C99: ORSE | D99: Cesta Básica | E99: Material | G99: un | H99: 0.0045 | I99: 190,00 | J99: 0,85
A100: Insumo | B100: 00012894/SINAPI | C100: ORSE | D100: Capa para chuva em pvc com forro de poliester, com capuz (amarela ou azul) | E100: Material | G100: un | H100: 0.0002 | I100: 17,22 | J100: 0,00
A101: Insumo | B101: 11254 | C101: ORSE | D101: Tarracha para tubos PVC de 3/4" | E101: Material | G101: un | H101: 0.00035 | I101: 27,49 | J101: 0,00
A102: Insumo | B102: 11257 | C102: ORSE | D102: Tarracha para tubos PVC de 1 1/4" | E102: Material | G102: un | H102: 0.0002 | I102: 32,30 | J102: 0,00
A103: Insumo | B103: 941 | C103: ORSE | D103: Fardamento com mangas curta | E103: Material | G103: un | H103: 0.0015 | I103: 190,33 | J103: 0,28
A104: Insumo | B104: 00012892/SINAPI | C104: ORSE | D104: Luva raspa de couro, cano curto (punho *7* cm) | E104: Material | G104: par | H104: 0.0023 | I104: 11,92 | J104: 0,02
A105: Insumo | B105: 2378 | C105: ORSE | D105: Vale transporte | E105: Material | G105: un | H105: 0.07975 | I105: 4,50 | J105: 0,35
A106: Insumo | B106: 00012893/SINAPI | C106: ORSE | D106: Bota de seguranca com biqueira de aco e colarinho acolchoado | E106: Material | G106: par | H106: 0.0008 | I106: 63,60 | J106: 0,05
A107: Insumo | B107: 158 | C107: ORSE | D107: Almoço (Participação do empregador) | E107: Material | G107: un | H107: 0.1018 | I107: 14,00 | J107: 1,42
A108: Insumo | B108: 10761 | C108: ORSE | D108: Refeição - café da manhã ( café com leite e dois pães com manteiga) | E108: Serviços | G108: un | H108: 0.1018 | I108: 5,00 | J108: 0,50
A109: Insumo | B109: 00012895/SINAPI | C109: ORSE | D109: Capacete de seguranca aba frontal com suspensao de polietileno, sem jugular (classe b) | E109: Material | G109: un | H109: 0.0006 | I109: 13,25 | J109: 0,00
... A125: Insumo | B125: 00006111/SINAPI | C125: ORSE | D125: Servente de obras (horista) | E125: Mão de Obra | G125: h | H125: 0.5 | I125: 13,65 | J125: 6,82
E126: MO sem LS => | F126: 16.38 | G126: LS => | H126: 0 | I126: MO com LS => | J126: 16.38
E127: Valor do BDI => | F127: 50.97 | H127: Valor com BDI => | J127: 267.51
A129: 1.1.3.1 | B129: Código | C129: Banco | D129: Descrição | E129: Tipo | G129: Und | H129: Quant. | I129: Valor Unit | J129: Total
A130: Composição | B130: 97063 | C130: SINAPI | D130: MONTAGEM E DESMONTAGEM DE ANDAIME MODULAR FACHADEIRO, COM PISO METÁLICO, PARA EDIFÍCIOS COM MULTIPLOS PAVIMENTOS (EXCLUSIVE ANDAIME E LIMPEZA). AF_03/2024 | E130: SEDI - SERVIÇOS DIVERSOS | G130: m² | H130: 1 | I130: 17.17 | J130: 17.17
A131: Composição Auxiliar | B131: 88316 | C131: SINAPI | D131: SERVENTE COM ENCARGOS COMPLEMENTARES | E131: SEDI - SERVIÇOS DIVERSOS | G131: H | H131: 0.1058 | I131: 20.42 | J131: 2.16
A132: Composição Auxiliar | B132: 100251 | C132: SINAPI | D132: TRANSPORTE HORIZONTAL MANUAL, DE TUBO DE AÇO CARBONO LEVE OU MÉDIO, PRETO OU GALVANIZADO, COM DIÂMETRO MAIOR QUE 32 MM E MENOR OU IGUAL A 65 MM (UNIDADE: MXKM). AF_07/2019 | E132: SEDI - SERVIÇOS DIVERSOS | G132: MXKM | H132: 0.1673 | I132: 12.49 | J132: 2.08
A133: Composição Auxiliar | B133: 88278 | C133: SINAPI | D133: MONTADOR DE ESTRUTURA METÁLICA COM ENCARGOS COMPLEMENTARES | E133: SEDI - SERVIÇOS DIVERSOS | G133: H | H133: 0.5546 | I133: 23.33 | J133: 12.93
...

Sheet 06. BDI Serviços
A7: SECRETARIA MUNICIPAL DA INFRAESTRUTURA DO MUNICÍPIO DE SÃO CRISTÓVÃO-SE
A9: COMPOSIÇÃO DO B.D.I - Serviços, Bonificação e Despesas Indiretas
A11: Objeto: | B11: Restauração dos prédios da Câmara e Cadeia, localizada em São Cristóvão/SE. - revisão 06
A13: RESPONSÁVEL TÉCNICO:
A15: Eng.ª Civil Verônica Nascimento CREA-SE: Nº270847513-4
A17: Bancos de Dados: | D17: Encargos Sociais (NÃO DESONERADO) | E17: B.D.I | H17: DATA: 02/05/2025- REVISÃO 06
A18: SINAPI - 12/2024 - Sergipe | D18: Horista: 112,54% | E18: 0.2354
A19: ORSE - 12/2024 - Sergipe | D19: Mensalista: 70,11% | E19: 0.1402
D21: ACÓRDÃO TCU - 2622/2013
D22: ITENS RELATIVOS A ADMINISTRAÇÃO DA OBRA
D23: AC - ADMINISTRAÇÃO CENTRAL | F23: 4
D24: D - DESPESAS FINANCEIRAS | F24: 1.23
D25: R - RISCOS | F25: 1.27
D26: S + G - SEGUROS E GARANTIAS | F26: 0.8
D27: SUBTOTAL | F27: 7.3
D29: LUCRO OPERACIONAL
D30: L - LUCRO OPERACIONAL | F30: 7.4
D31: SUBTOTAL | F31: 7.4
D33: TRIBUTOS
D34: I - PIS | F34: 0.65
D35: I - COFINS | F35: 3
D36: I - CPRB
D37: I - ISSQN | F37: 3
D38: SUBTOTAL | F38: 6.65
D40: TOTAL GERAL DO B.D.I. | F40: 0.2354
D42: METODOLOGIA DO CÁLCULO DO BDI

Sheet 07. BDI Equipamentos
A7: SECRETARIA MUNICIPAL DA INFRAESTRUTURA DO MUNICÍPIO DE SÃO CRISTÓVÃO-SE
A9: BDI EQUIPAMENTOS - ANTIGA CASA DE CÂMARA E CADEIA DE SÃO CRISTÓVÃO
A11: Objeto: | B11: Restauração dos prédios da Câmara e Cadeia, localizada em São Cristóvão/SE. - revisão 06
A13: RESPONSÁVEL TÉCNICO:
A15: Eng.ª Civil Verônica Nascimento CREA-SE: Nº270847513-4
A17: Bancos de Dados: | D17: Encargos Sociais (NÃO DESONERADO) | E17: B.D.I | H17: DATA: 02/05/2025- REVISÃO 06
A18: SINAPI - 12/2024 - Sergipe | D18: Horista: 112,54% | E18: 0.2354
A19: ORSE - 12/2024 - Sergipe | D19: Mensalista: 70,11% | F19: 0.1402 | G19: *
A21: DETALHAMENTO BDI - MERO FORNECIMENTO DE MATERIAIS E EQUIPAMENTOS
A22: ITEM | D22: DESCRIÇÃO | H22: PARCIAL | I22: ITEM FÓRMULA | J22: TOTAL
A23: 01 | D23: ADMINISTRAÇÃO CENTRAL | I23: AC | J23: 3.45
A24: 02 | D24: DESPESAS FINANCEIRAS | I24: DF | J24: 0.85
A25: 03 | D25: RISCO, SEGURO E GARANTIA | I25: R | J25: =0.48+0.85 -> 1.33
A26: 03.01 | D26: RISCO | J26: 0.85
A27: 03.02 | D27: SEGURO E GARANTIA | J27: 0.48
A28: 04 | D28: LUCRO | I28: L | J28: 3.96
A29: 05 | D29: IMPOSTOS E TAXAS | I29: I | J29: =SUM(H30:H32) -> 3.65
A30: 05.01 | D30: PIS | H30: 0.65
A31: 05.02 | D31: COFINS | H31: 3
A32: 05.03 | D32: ISS | H32: 0
A35: TOTAL | J35: =((((1+J23/100+J25/100)*(1+J24/100)*(1+J28/100))/(1-J29/100))-1)*100 -> 14.0168

Sheet 08. Encargos
A7: SECRETARIA MUNICIPAL DA INFRAESTRUTURA DO MUNICÍPIO DE SÃO CRISTÓVÃO-SE
A9: ENCARGOS SOCIAIS - ANTIGA CASA DE CÂMARA E CADEIA DE SÃO CRISTÓVÃO
A11: Objeto: | B11: Restauração dos prédios da Câmara e Cadeia, localizada em São Cristóvão/SE. - revisão 06
A13: RESPONSÁVEL TÉCNICO:
A15: Eng.ª Civil Verônica Nascimento CREA-SE: Nº270847513-4
A17: Bancos de Dados: | D17: Encargos Sociais (NÃO DESONERADO) | E17: B.D.I | H17: DATA: 02/05/2025- REVISÃO 06
A18: SINAPI - 12/2024 - Sergipe | D18: Horista: 112,54% | E18: 0.2354
A19: ORSE - 12/2024 - Sergipe | D19: Mensalista: 70,11% | E19: 0.1402
A21: CÓDIGO | B21: DESCRIÇÃO | D21: HORISTA % | E21: MENSALISTA %
A22: GRUPO A
A23: A1 | B23: INSS | D23: 0.2 | E23: 0.2
A24: A2 | B24: SESI | D24: 0.015 | E24: 0.015
A25: A3 | B25: SENAI | D25: 0.01 | E25: 0.01
A26: A4 | B26: INCRA | D26: 0.002 | E26: 0.002
A27: A5 | B27: SEBRAE | D27: 0.006 | E27: 0.006
A28: A6 | B28: Salário Educação | D28: 0.025 | E28: 0.025
A29: A7 | B29: Seguro Contra Acidentes de Trabalho | D29: 0.03 | E29: 0.03
A30: A8 | B30: FGTS | D30: 0.08 | E30: 0.08
A31: A9 | B31: SECONCI | D31: 0 | E31: 0
A32: A | B32: Total | D32: =SUM(D23:D31) -> 0.368 | E32: =SUM(E23:E31) -> 0.368
A33: GRUPO B
A34: B1 | B34: Repouso Semanal Remunerado | D34: 0.1787 | E34: Não incide
A35: B2 | B35: Feriados | D35: 0.0393 | E35: Não incide
A36: B3 | B36: Auxílio - Enfermidade | D36: 0.0085 | E36: 0.0064
A37: B4 | B37: 13º Salário | D37: 0.1098 | E37: 0.0833
A38: B5 | B38: Licença Paternidade | D38: 0.0006 | E38: 0.0004
A39: B6 | B39: Faltas Justificadas | D39: 0.0073 | E39: 0.0056
A40: B7 | B40: Dias de Chuvas | D40: 0.0151 | E40: Não incide
A41: B8 | B41: Auxílio Acidente de Trabalho | D41: 0.001 | E41: 0.0008
A42: B9 | B42: Férias Gozadas | D42: 0.1137 | E42: 0.0864
A43: B10 | B43: Salário Maternidade | D43: 0.0004 | E43: 0.0003
A44: B | B44: Total | D44: =SUM(D34:D43) -> 0.4744 | E44: =SUM(E34:E43) -> 0.1832
A45: GRUPO C
A46: C1 | B46: Aviso Prévio Indenizado | D46: 0.0483 | E46: 0.0367
A47: C2 | B47: Aviso Prévio Trabalhado | D47: 0.0011 | E47: 0.0009
A48: C3 | B48: Férias Indenizadas | D48: 0.0235 | E48: 0.0179
A49: C4 | B49: Depósito Rescisão Sem Justa Causa | D49: 0.0271 | E49: 0.0206
A50: C5 | B50: Indenização Adicional | D50: 0.0041 | E50: 0.0031
A51: C | B51: Total | D51: =SUM(D46:D50) -> 0.1041 | E51: =SUM(E46:E50) -> 0.0792
A52: GRUPO D
A53: D1 | B53: Reincidência de Grupo A sobre Grupo B | D53: 0.1746 | E53: 0.0674
A54: D2 | B54: Reincidência de Grupo A sobre Aviso Prévio Trabalhado e Reincidência do FGTS sobre Aviso Prévio Indenizado | D54: 0.0043 | E54: 0.0033
A55: D | B55: Total | D55: =SUM(D53:D54) -> 0.1789 | E55: =SUM(E53:E54) -> 0.0707
A56: TOTAL(A+B+C+D) | D56: =D55+D51+D44+D32 -> 1.1254 | E56: =E55+E51+E44+E32 -> 0.7011

Sheet 09. Cotações
A7: SECRETARIA MUNICIPAL DA INFRAESTRUTURA DO MUNICÍPIO DE SÃO CRISTÓVÃO-SE
A9: COTAÇÕES - ANTIGA CASA DE CÂMARA E CADEIA DE SÃO CRISTÓVÃO
A11: Objeto: | B11: Restauração dos prédios da Câmara e Cadeia, localizada em São Cristóvão/SE. - revisão 06
A13: RESPONSÁVEL TÉCNICO:
A15: Eng.ª Civil Verônica Nascimento CREA-SE: Nº270847513-4
A17: Bancos de Dados: | D17: Encargos Sociais (NÃO DESONERADO) | E17: B.D.I | H17: DATA: 02/05/2025_ REVISÃO 06
A18: SINAPI - 12/2024 - Sergipe | D18: Horista: 112,54% | E18: 0.2354
A19: ORSE - 12/2024 - Sergipe | D19: Mensalista: 70,11% | E19: 0.1402
A20: MAPA DE COTAÇÃO - Câmara e Cadeia DE SÃO CRISTÓVÃO/SE
A21: PROJETO: Restauração dos prédios da Câmara e Cadeia, localizada em São Cristóvão/SE. | G21: DATA: 13/01/2025
A23: SERVIÇO | B23: CÓDIGO | C23: DISCRIMINAÇÃO | E23: IDENTIFICAÇÃO DOS FORNECEDORES | F23: ENDEREÇO ELETRONICO | G23: DATA DA PESQUISA | H23: CUSTO | I23: CUSTO
A24: REVEST | B24: 134-034 | C24: Porcelanato, 20 x 120 cm, Portobello Ecowood 2.0 Canela 20x120cm Nat. Ret ou similar, | D24: m2 | E24: Ferreira Costa | F24: https://www.ferreiracosta.com/produto/459682/porcelanato-tipo-a-20x120-cm-esmaltado-tavola-castano-externo-1,70m%C2%B2-biancogres | G24: 45671 | H24: 123.9 | I24: =H24 -> 123.9
E25: All Pisos | F25: Proposta Anexo | G25: 45673 | H25: 175 | I25: =H25 -> 175 | J25: similar
E26: Portobello | F26: Portobello | G26: 45673 | H26: =229.99*1.052 -> 241.94948 | I26: =H26 -> 241.94948 | J26: Incluso 5% de frete
A27: PREÇO ADOTADO MEDIANO | I27: =(I24+I25+I26)/3 -> 180.28316
A29: REVEST | B29: 134-033 | C29: porcelanato Concreto Cinza 60x120 Nat Ret ou similar, | D29: m2 | E29: Ferreira Costa | F29: https://www.ferreiracosta.com/produto/426291/porcelanato-60x120-cm-natural-timeless-1,43m%C2%B2-portobello | G29: 45671 | H29: 278.9 | I29: 278.9
E30: All Pisos | F30: Proposta Anexo | G30: 45673 | H30: 148 | I30: =H30 -> 148
E31: Portobello | F31: Portobello | G31: 45673 | H31: =229.99*1.05 -> 241.4895 | I31: =H31 -> 241.4895 | J31: Incluso 5% de frete
A32: PREÇO ADOTADO MEDIANO | I32: =(I29+I30+I31)/3 -> 222.7965
A34: logica | B34: 134-038 | C34: lampad led t15 | D34: und | E34: Akarin loja online | F34: loja online | G34: 45756 | H34: 24.89 | I34: =H34 -> 24.89
E35: Mercado livre | F35: lojaonline | G35: 45756 | H35: 19 | I35: =H35 -> 19
E36: Dimensional | F36: loja online | G36: 45756 | H36: 16 | I36: =H36 -> 16
A37: PREÇO ADOTADO MEDIANO | I37: =(I34+I35+I36)/3 -> 19.963333
A38: REVEST | B38: 134-028 | C38: kit de ventilação com 02 veniladores | D38: und | E38: Magazine luiza | F38: https://www.magazineluiza.com.br/sistema-kit-ventilacao-2-ventiladores-para-rack-19-intelbras | G38: 45756 | H38: =246.9+19.9 -> 266.8 | I38: =H38 -> 266.8
E39: Amazaon | G39: 45756 | H39: 166.99 | I39: =H39 -> 166.99
E40: Unicaserv | G40: 45756 | H40: =228.65+29.45 -> 258.1 | I40: =H40 -> 258.1
A41: PREÇO ADOTADO MEDIANO | I41: =(I38+I39+I40)/3 -> 230.63
